 Dungeon Crawl Stone Soup version 0.23-a0-449-g8e4cbf7 (webtiles) character file.

1301955 theanonym the Slayer (level 27, -6/220 HPs)
             Began as an Octopode Fire Elementalist on Nov 19, 2018.
             Was the Champion of Vehumet.
             Mangled by a ghost moth zombie (11 damage)
             ... while paralysed by the power of Zot
             ... on level 7 of the Iron City of Dis on Nov 21, 2018.
             The game lasted 07:23:36 (112396 turns).

theanonym the Slayer (Octopode Fire Elementalist) Turns: 112396, Time: 07:23:37

Health: -6/220     AC:  9    Str: 21    XL:     27
Magic:  11/66      EV:  2    Int: 46    God:    Vehumet [******]
Gold:   1371       SH:  0    Dex: 18    Spells: 1/69 levels left

rFire    + + +     SeeInvis .   d - staff of earth
rCold    + + +     Gourm    .   E - +2 shield of Resistance {rF+ rC+ MR+}
rNeg     + + +     Faith    .   Y - +2 hat {Int+3}
rPois    ∞         Spirit   .   i - amulet of magic regeneration
rElec    +         Reflect  .   J - ring of the Mage {Wiz MR++ Int+3}
rCorr    .         Harm     .   X - +5 ring of intelligence
MR       +++++     Clarity  +   D - ring of Vejeataa {rF+ rC+ Str+6 Slay-3}
Stlth    +++.......             p - ring "Pyviolao" {Fire Dex+5}
HPRegen  0.46/turn              L - ring "Beam" {+Fly rC+ Int+4}
MPRegen  0.65/turn              C - ring of magical power
                                o - ring of Demons {Int+5 Slay+5}
                                T - ring of Wuinaxuf {rElec MP+9 Str+4}

@: paralysed, lich-form, very slightly contaminated
A: almost no armour, stealthy swim, amphibious, 8 rings, constrict 8, camouflage
1, clarity, wild magic 1, gelatinous body 1, evolution 1
}: 14/15 runes: decaying, serpentine, slimy, silver, golden, obsidian, icy,
bone, abyssal, demonic, glowing, magical, fiery, dark
a: End Transformation, Renounce Religion, Evoke Flight


Innate Abilities, Weirdness & Mutations

You cannot wear most types of armour.
You are very stealthy in the water. (Stealth+)
You are amphibious.
You can wear up to eight rings at the same time.
You can use your tentacles to constrict eight enemies at once.
Your skin changes colour to match your surroundings (Stealth+).
Your rubbery body absorbs attacks. (AC +1, EV +1)
You possess an exceptional clarity of mind.
Your spells are a little harder to cast, but a little more powerful.
You evolve.


   Skills:
 - Level 26.0 Fighting
 + Level 22.8 Dodging
 - Level 2.6 Stealth
 - Level 15.0 Shields
 - Level 21.5 Spellcasting
 - Level 22.0 Conjurations
   Level 8.0 Hexes
 - Level 6.0 Charms
 - Level 12.6 Summonings
 - Level 15.2 Necromancy
 - Level 4.7 Translocations
 - Level 15.0 Transmutations
 - Level 22.0 Fire Magic
 - Level 21.0 Air Magic
 - Level 18.1 Earth Magic
   Level 7.7 Poison Magic
 - Level 15.0 Evocations


You had one spell level left.
You knew the following spells:

 Your Spells              Type           Power        Failure   Level  Hunger
a - Iron Shot             Conj/Erth      #########.   1%          6    N/A
b - Tornado               Air            ########..   1%          9    N/A
d - Fire Storm            Conj/Fire      #########.   1%          9    N/A
f - Fireball              Conj/Fire      #########.   1%          5    N/A
j - Ignition              Fire           #########.   1%          8    N/A
k - Necromutation         Tmut/Necr      #########.   3%          8    N/A
l - Blink                 Tloc           N/A          1%          2    N/A
p - Shatter               Erth           #########.   3%          9    N/A
q - Apportation           Tloc           ######       1%          1    N/A
t - Deflect Missiles      Chrm/Air       ########..   1%          6    N/A
x - Aura of Abjuration    Summ           ########..   1%          5    N/A

Your spell library contained the following spells:

 Spells                   Type           Power        Failure   Level  Hunger
 Animate Skeleton         Necr           N/A          1%          1    N/A
 Beastly Appendage        Tmut           ######       1%          1    N/A
 Confusing Touch          Hex            ######       1%          1    N/A
 Corona                   Hex            #######      1%          1    N/A
 Flame Tongue             Conj/Fire      #####        1%          1    N/A
 Freeze                   Ice            ####         1%          1    N/A
 Infusion                 Chrm           ####         1%          1    N/A
 Magic Dart               Conj           ####         1%          1    N/A
 Pain                     Necr           ####         1%          1    N/A
 Shock                    Conj/Air       ####         1%          1    N/A
 Sting                    Conj/Pois      ####         1%          1    N/A
 Summon Butterflies       Summ           ########     1%          1    N/A
 Summon Small Mammal      Summ           ####         1%          1    N/A
 Call Imp                 Summ           ########     1%          2    N/A
 Corpse Rot               Necr           N/A          1%          2    N/A
 Ensorcelled Hibernation  Hex/Ice        ######       1%          2    N/A
 Poisonous Vapours        Pois/Air       ######       1%          2    N/A
 Searing Ray              Conj           ######       1%          2    N/A
 Shroud of Golubria       Chrm/Tloc      #######...   1%          2    N/A
 Slow                     Hex            ########     1%          2    N/A
 Song of Slaying          Chrm           #######.     1%          2    N/A
 Sticks to Snakes         Tmut           ########     1%          2    N/A
 Sublimation of Blood     Necr           #########.   1%          2    N/A
 Swiftness                Chrm/Air       ########     1%          2    N/A
 Throw Flame              Conj/Fire      ######       1%          2    N/A
 Throw Frost              Conj/Ice       ######       1%          2    N/A
 Call Canine Familiar     Summ           ########     1%          3    N/A
 Confuse                  Hex            ########     1%          3    N/A
 Conjure Flame            Conj/Fire      ########     1%          3    N/A
 Dazzling Spray           Conj/Hex       ######       1%          3    N/A
 Gell's Gravitas          Tloc           #######...   1%          3    N/A
 Ignite Poison            Fire/Tmut/Pois ########     1%          3    N/A
 Inner Flame              Hex/Fire       ########     1%          3    N/A
 Lesser Beckoning         Tloc           #######...   1%          3    N/A
 Mephitic Cloud           Conj/Pois/Air  ########     1%          3    N/A
 Ozocubu's Armour         Chrm/Ice       #######.     1%          3    N/A
 Portal Projectile        Hex/Tloc       ######       1%          3    N/A
 Recall                   Summ/Tloc      N/A          1%          3    N/A
 Regeneration             Chrm/Necr      ########..   1%          3    N/A
 Spectral Weapon          Hex/Chrm       #######.     1%          3    N/A
 Spider Form              Tmut/Pois      ########..   1%          3    N/A
 Static Discharge         Conj/Air       ########     1%          3    N/A
 Stone Arrow              Conj/Erth      ######       1%          3    N/A
 Summon Guardian Golem    Hex/Summ       ########     1%          3    N/A
 Tukima's Dance           Hex            ########     1%          3    N/A
 Vampiric Draining        Necr           #########.   1%          3    N/A
 Airstrike                Air            ########..   1%          4    N/A
 Animate Dead             Necr           N/A          1%          4    N/A
 Cause Fear               Hex            ########..   1%          4    N/A
 Force Lance              Conj/Tloc      ########     1%          4    N/A
 Fulminant Prism          Conj/Hex       ########..   1%          4    N/A
 Ice Form                 Ice/Tmut       ########     1%          4    N/A
 Iskenderun's Mystic Bla  Conj           ########     1%          4    N/A
 Leda's Liquefaction      Hex/Erth       ########..   1%          4    N/A
 Passage of Golubria      Tloc           N/A          1%          4    N/A
 Petrify                  Tmut/Erth      ########     1%          4    N/A
 Sticky Flame             Conj/Fire      ########     1%          4    N/A
 Summon Ice Beast         Ice/Summ       #######.     1%          4    N/A
 Summon Lightning Spire   Summ/Air       ########     1%          4    N/A
 Throw Icicle             Conj/Ice       ########     1%          4    N/A
 Agony                    Necr           ########     1%          5    N/A
 Alistair's Intoxication  Tmut/Pois      ########     1%          5    N/A
 Blade Hands              Tmut           ########..   1%          5    N/A
 Bolt of Draining         Conj/Necr      #########.   1%          5    N/A
 Bolt of Magma            Conj/Fire/Erth #########.   1%          5    N/A
 Borgnjor's Vile Clutch   Necr/Erth      #########.   1%          5    N/A
 Dispel Undead            Necr           ########     1%          5    N/A
 Excruciating Wounds      Chrm/Necr      ########..   1%          5    N/A
 Irradiate                Conj/Tmut      ########..   1%          5    N/A
 Iskenderun's Battlesphe  Conj/Chrm      ########     1%          5    N/A
 Lightning Bolt           Conj/Air       ########..   1%          5    N/A
 Metabolic Englaciation   Hex/Ice        #######...   1%          5    N/A
 Silence                  Hex/Air        ########..   1%          5    N/A
 Summon Demon             Summ           ########..   1%          5    N/A
 Summon Forest            Summ/Tloc      ########..   1%          5    N/A
 Summon Mana Viper        Hex/Summ       ########     1%          5    N/A
 Venom Bolt               Conj/Pois      ########..   1%          5    N/A
 Yara's Violent Unravell  Hex/Tmut       ########..   1%          5    N/A
 Conjure Ball Lightning   Conj/Air       ########..   1%          6    N/A
 Darkness                 Hex            ########..   1%          6    N/A
 Freezing Cloud           Conj/Ice/Air   ########..   1%          6    N/A
 Hydra Form               Tmut           ########..   1%          6    N/A
 Invisibility             Hex            ########     1%          6    N/A
 Shadow Creatures         Summ           N/A          1%          6    N/A
 Simulacrum               Ice/Necr       ########..   1%          6    N/A
 Statue Form              Tmut/Erth      #########    1%          6    N/A
 Dragon Form              Tmut           ########..   1%          7    N/A
 Haunt                    Necr/Summ      ########..   1%          7    N/A
 Monstrous Menagerie      Summ           ########..   1%          7    N/A
 Orb of Destruction       Conj           ########..   1%          7    N/A
 Ring of Flames           Chrm/Fire      ########..   1%          7    N/A
 Spellforged Servitor     Conj/Summ      ########..   1%          7    N/A
 Summon Greater Demon     Summ           ########..   1%          7    N/A
 Summon Hydra             Summ           ########..   1%          7    N/A
 Borgnjor's Revivificati  Necr           #########.   3%          8    N/A
 Infestation              Necr           #########.   3%          8    N/A
 Dispersal                Tloc           #######...   4%          6    N/A
 Malign Gateway           Summ/Tloc      ########..   5%          7    N/A
 Summon Horrible Things   Summ           ########..   8%          8    N/A
 Death's Door             Chrm/Necr      ########..   16%         8    N/A
 Discord                  Hex            ########..   38%         8    N/A
 Controlled Blink         Tloc           N/A          82%         8    N/A
 Disjunction              Tloc           #######...   82%         8    N/A

Skill      XL: |  1  2  3  4  5  6  7  8  9 10 11 12 13 14 15 16 17 18 19 20 21 22 23 24 25 26 27 |
---------------+----------------------------------------------------------------------------------+-----
Conjurations   | 2 3 4 5 7 9 10 11 13 15 16 18 20 22 | 22.0
Spellcasting   | 3 4 5 6 8 9 10 12 13 14 15 16 18 21 | 21.5
Fire Magic     | 4 5 6 7 9 10 11 12 16 17 18 19 20 22 | 22.0
Fighting       | 3 7 9 11 12 13 15 16 18 26 | 26.0
Dodging        | 6 9 10 22 | 22.8
Poison Magic   | 6 7 |  7.7
Shields        | 9 12 14 15 | 15.0
Air Magic      | 4 6 21 | 21.0
Charms         | 3 6 |  6.0
Hexes          | 4 7 8 |  8.0
Earth Magic    | 8 18 | 18.1
Translocations | 3 4 |  4.7
Evocations     | 9 10 15 | 15.0
Necromancy     | 1 3 15 | 15.2
Summonings     | 12 | 12.6
Transmutations | 15 | 15.0
Stealth        | |  2.6

Action                   |  1- 3 |  4- 6 |  7- 9 | 10-12 | 13-15 | 16-18 | 19-21 | 22-24 | 25-27 || total
-------------------------+-------+-------+-------+-------+-------+-------+-------+-------+-------++-------
Melee: Unarmed           |     6 |       |       |       |       |       |       |       |       ||     6
       Club              |    14 |       |       |       |       |       |       |       |       ||    14
       Constrict         |    16 |    26 |    15 |    10 |     3 |       |     1 |     1 |     3 ||    75
       Tentacles         |     4 |    12 |    16 |    12 |    10 |     1 |     2 |       |     3 ||    60
       Dagger            |    32 |   105 |    71 |    54 |    12 |       |    14 |       |       ||   288
       Staff             |       |       |       |     1 |    15 |     4 |     3 |     1 |    12 ||    36
 Cast: Flame Tongue      |    41 |    85 |   100 |    58 |     7 |    11 |     2 |       |       ||   304
       Conjure Flame     |     1 |     3 |       |       |       |       |       |       |       ||     4
       Sticky Flame      |       |    15 |    30 |    20 |    36 |    30 |     7 |       |       ||   138
       Fireball          |       |       |    18 |   210 |   390 |   492 |   308 |   494 |   184 ||  2096
       Olgreb's Toxic Ra |       |       |       |       |    59 |    53 |    29 |       |       ||   141
       Apportation       |       |       |       |       |     3 |       |       |     4 |    13 ||    20
       Summon Butterflie |       |       |       |       |     1 |       |       |       |       ||     1
       Airstrike         |       |       |       |       |    10 |    57 |     7 |     5 |       ||    79
       Deflect Missiles  |       |       |       |       |       |     4 |     2 |     1 |     7 ||    14
       Orb of Destructio |       |       |       |       |       |    29 |   114 |       |       ||   143
       Cause Fear        |       |       |       |       |       |     1 |     1 |       |       ||     2
       Ignition          |       |       |       |       |       |       |    39 |    87 |   307 ||   433
       Iron Shot         |       |       |       |       |       |       |    34 |   179 |   731 ||   944
       Fire Storm        |       |       |       |       |       |       |       |    24 |  1092 ||  1116
       Regeneration      |       |       |       |       |       |       |       |     3 |    46 ||    49
       Blink             |       |       |       |       |       |       |       |       |    32 ||    32
       Shatter           |       |       |       |       |       |       |       |       |   160 ||   160
       Necromutation     |       |       |       |       |       |       |       |       |    94 ||    94
       Tornado           |       |       |       |       |       |       |       |       |    90 ||    90
       Aura of Abjuratio |       |       |       |       |       |       |       |       |    31 ||    31
       Invisibility      |       |       |       |       |       |       |       |       |     1 ||     1
 Abil: End Transformatio |       |       |       |       |       |       |       |       |     5 ||     5
Evoke: Wand              |       |       |     2 |     1 |    18 |     9 |       |     6 |    29 ||    65
       Lightning rod     |       |       |       |     3 |     6 |     3 |       |       |       ||    12
       Box of beasts     |       |       |       |     1 |       |       |       |       |     2 ||     3
       Lamp of fire      |       |       |       |       |     1 |     2 |       |       |       ||     3
       Staff of energy   |       |       |       |       |       |       |       |    17 |   924 ||   941
  Use: Scroll            |       |    11 |     5 |    14 |     9 |    15 |    12 |     7 |    60 ||   133
       Potion            |       |       |       |       |       |       |     1 |     2 |    21 ||    24
 Stab: Sleeping          |     2 |    14 |     3 |       |       |       |       |       |     1 ||    20
       Distracted        |       |       |     1 |       |       |       |       |       |       ||     1
       Petrifying        |       |       |       |     1 |       |       |       |       |       ||     1
       Petrified         |       |       |       |     1 |       |       |       |       |       ||     1
  Eat: Chunk             |     2 |     6 |    28 |    75 |    67 |    72 |    71 |    23 |    85 ||   429
       Ration            |       |     3 |     4 |     4 |    12 |    17 |    10 |    19 |    49 ||   118
Armor: Skin              |    15 |     6 |     7 |     2 |     2 |     1 |     2 |     1 |    35 ||    71
Dodge: Dodged            |    91 |    74 |    81 |    68 |    64 |   107 |    67 |    85 |   533 ||  1170
       Deflected         |       |       |       |       |       |    14 |    18 |    18 |    69 ||   119
Block: Shield            |       |       |       |       |    50 |   139 |   100 |   105 |   534 ||   928
       Reflection        |       |       |       |       |       |       |     8 |     6 |       ||    14

Inventory:

Armour
 E - the +2 shield of Resistance (worn) {rF+ rC+ MR+}
   (You bought it in a shop on level 3 of the Snake Pit)

   It protects you from fire.
   It protects you from cold.
   It affects your resistance to hostile enchantments.
 Y - a +2 hat of intelligence (worn)
   (You found it on level 1 of the Depths)
Magical Staves
 a - an uncursed staff of conjuration
   (You found it on level 3 of the Elven Halls)
 b - an uncursed staff of fire
   (You found it on level 3 of the Elven Halls)
 c - an uncursed staff of energy
   (You found it on level 3 of the Elven Halls)
 d - an uncursed staff of earth (weapon)
   (You found it on level 1 of the Swamp)
Jewellery
 g - an uncursed ring of see invisible
   (You found it on level 5 of the Dungeon)
 i - an amulet of magic regeneration (around mantle)
   (You bought it in a shop on level 5 of the Depths)
 j - an uncursed amulet of regeneration
   (You found it in Pandemonium)
 l - an uncursed ring of resist corrosion
   (You acquired it on level 2 of the Crypt)
 o - the ring of Demons (on tentacle) {Int+5 Slay+5}
   (You bought it in a shop on level 5 of the Depths)

   [ring of intelligence]

   It affects your intelligence (+5).
   It affects your accuracy and damage with ranged weapons and melee attacks
   (+5).
 p - the ring "Pyviolao" (on tentacle) {Fire Dex+5}
   (You took it off an orc on level 7 of the Dungeon)

   [ring of fire]

   It enhances your fire magic.
   It affects your dexterity (+5).
   It protects you from fire.
   It makes you vulnerable to cold.
 C - a ring of magical power (on tentacle)
   (You took it off a deep elf high priest on level 5 of the Vaults)
 D - the ring of Vejeataa (on tentacle) {rF+ rC+ Str+6 Slay-3}
   (You found it in Pandemonium)

   [ring of slaying]

   It affects your strength (+6).
   It affects your accuracy and damage with ranged weapons and melee attacks
   (-3).
   It protects you from fire.
   It protects you from cold.
 J - the ring of the Mage (left tentacle) {Wiz MR++ Int+3}
   (You found it on level 3 of the Crypt)

   [ring of wizardry]

   It improves your spell success rate.
   It affects your intelligence (+3).
   It affects your resistance to hostile enchantments.
 K - the ring of Xuin {rF+ rN++ Stlth-}
   (You bought it in a shop on level 5 of the Vaults)

   [ring of protection from fire]

   It protects you from fire.
   It greatly protects you from negative energy.
   It makes you less stealthy.
 L - the ring "Beam" (on tentacle) {+Fly rC+ Int+4}
   (You bought it in a shop on level 5 of the Vaults)

   [ring of flight]

   It affects your intelligence (+4).
   It protects you from cold.
   It lets you fly.
 P - the ring of Honesty {rPois MR+ Str+4 Dex+6}
   (You found it on level 1 of the Vaults)

   [ring of protection from magic]

   It affects your strength (+4).
   It affects your dexterity (+6).
   It protects you from poison.
   It affects your resistance to hostile enchantments.
 T - the ring of Wuinaxuf (on tentacle) {rElec MP+9 Str+4}
   (You acquired it on level 1 of the Elven Halls)

   [ring of magical power]

   It affects your strength (+4).
   It insulates you from electricity.
   It affects your magic capacity (+9).
 V - an uncursed ring of magical power
   (You found it on level 1 of the Vaults)
 W - the ring "Vaewn" {rElec rC++ MR+}
   (You acquired it on level 3 of the Swamp)

   [ring of protection from magic]

   It greatly protects you from cold.
   It insulates you from electricity.
   It affects your resistance to hostile enchantments.
 X - a +5 ring of intelligence (right tentacle)
   (You bought it in a shop on level 5 of the Depths)
Wands
 k - a wand of digging (2)
   (You took it off a deep elf mage on level 3 of the Elven Halls)
 v - a wand of acid (19)
   (You found it on level 15 of the Dungeon)
Scrolls
 f - 4 scrolls of fog
 n - 31 scrolls of remove curse
 r - 37 scrolls of identify
 t - 12 scrolls of teleportation {!r}
 x - 6 scrolls of amnesia
 y - 3 scrolls of magic mapping
 B - 6 scrolls of blinking
 R - 7 scrolls of immolation
 U - 10 scrolls of fear
Potions
 h - 3 potions of haste
 q - 9 potions of heal wounds
 s - 5 potions of mutation
 w - 21 potions of curing
 z - 5 potions of lignification
 A - 5 potions of resistance
 F - 8 potions of ambrosia
 G - 5 potions of magic
 I - 17 potions of flight
 M - 6 potions of invisibility
 N - a potion of brilliance
 S - 6 potions of cancellation
Miscellaneous
 m - a figurine of a ziggurat
 u - a lightning rod (4/4)
   (You found it in a bailey)
 H - a fan of gales
   (You found it on level 3 of the Crypt)
 O - a lamp of fire
   (You found it on level 15 of the Dungeon)
 Q - 5 boxes of beasts
 Z - a phial of floods
   (You found it on level 1 of the Elven Halls)
Comestibles
 e - 26 rations


You were on level 7 of the Iron City of Dis.
You worshipped Vehumet.
Vehumet was exalted by your worship.
You were not hungry.
You were a lich.
You visited 18 branches of the dungeon, and saw 90 of its levels.
You visited Pandemonium 2 times, and saw 22 of its levels.
You visited the Abyss 3 times.
You also visited: Bailey and Ice Cave.

You collected 12743 gold pieces.
You spent 11372 gold pieces at shops.

Dungeon Overview and Level Annotations

Branches:
Dungeon (15/15)            Temple (1/1) D:6            Lair (6/6) D:11
  Swamp (4/4) Lair:2        Snake (4/4) Lair:4        Slime (5/5) Lair:6
    Orc (2/2) D:11            Elf (3/3) Orc:2        Vaults (5/5) D:14
  Crypt (3/3) Vaults:3       Tomb (3/3) Crypt:3      Depths (5/5) D:15
   Hell (1/1)                 Dis (7/7) Hell            Geh (7/7) Hell
    Coc (7/7) Hell            Tar (7/7) Hell            Zot (5/5) Depths:5

Altars:
Ashenzari
Cheibriados
Dithmenos
Elyvilon
Fedhas
Gozag
Hepliaklqana
Kikubaaqudgha
Makhleb
Nemelex Xobeh
Okawaru
Qazlal
Ru
Sif Muna
Trog
Uskayaw
Vehumet
Xom
Yredelemnul
Zin
The Shining One
Beogh
Jiyva

Shops:
D:5 [   D:6 [   D:15 *   Orc:2 [}?   Snake:3 [   Vaults:1 ((   Vaults:3 [:
Vaults:4 }   Vaults:5 =?   Depths:1 (   Depths:2 :   Depths:3 [   Depths:5 ==}

Portals:
Hell: Depths:1 Depths:2 Depths:3 Depths:4
Abyss: Depths:1 Depths:4
Pandemonium: Depths:2 Depths:3 Depths:4
Ziggurat: Depths:2

Annotations:
D:3 exclusion: angel
Lair:2 exclusion: fire dragon
Zot:5 1 exclusion

*************####**********
*,,,,,,,,,,,,...,,,,,,,,,,,
*,,.,,,,,,,,...,,,,,,,,,,,,
*,,#.#######..*,,*,,*******
*,,........#.********,,,,,,
*,,#........# *,,,,,,,
*,,#...^.1..# *,,,,,,,
*,,#..9..ZL.# *,,,,,,,
*,,#......Z.#* **,,,,,,,
*,,..........#*****,,,,,,,,
*,,9...........,,,,,,,,,,,,
*,,##...........,,,,,,,,,,,
*,,,#####......1..,,,,,****
*,,** ##....#..#,,,,**
*,,,* #...##).z*,,,*****
*,,** *,,,+,,,,+,,,+,,,,


You could see 2 Hell Sentinels, a skeletal warrior, 2 war gargoyles, a ghost
moth zombie and a frost giant zombie.

Notes
Turn   | Place    | Note
-------+----------+-------------------------------------------
     0 | D:1      | theanonym the Octopode Fire Elementalist began the quest
                  | for the Orb.
     0 | D:1      | Reached XP level 1. HP: 11/11 MP: 3/3
    45 | D:1      | HP: 4/11 [kobold/+0 club (6)]
   290 | D:1      | Reached XP level 2. HP: 13/17 MP: 1/5
   696 | D:1      | Reached XP level 3. HP: 15/21 MP: 3/6
   698 | D:1      | HP: 10/21 [ball python (1)]
   906 | D:1      | Learned a level 3 spell: Conjure Flame
  1107 | D:2      | Reached skill level 2 in Conjurations
  1107 | D:2      | Noticed Terence
  1465 | D:2      | Reached XP level 4. HP: 18/27 MP: 0/8
  1479 | D:2      | HP: 13/27 [poisoned by an adder]
  1487 | D:2      | HP: 12/27 [poisoned by an adder]
  1669 | D:2      | HP: 11/27 [kobold/+0 short sword (7)]
  1867 | D:2      | HP: 13/27 [Terence/+0 flail (5)]
  1874 | D:2      | HP: 9/27 [Terence/+0 flail (3)]
  1882 | D:2      | HP: 6/27 [Terence/+0 flail (4)]
  2108 | D:2      | Learned a level 4 spell: Sticky Flame
  2253 | D:2      | Killed Terence
  2253 | D:2      | Reached skill level 3 in Spellcasting
  2412 | D:2      | Found an iron altar of Okawaru.
  2480 | D:2      | Found a hide-covered altar of Uskayaw.
  2746 | D:3      | Found an iron altar of Okawaru.
  2747 | D:3      | Found a shimmering altar of Xom.
  2748 | D:3      | Noticed an angel
  2830 | D:3      | Found a glowing silver altar of Zin.
  2911 | D:3      | Reached skill level 4 in Fire Magic
  2926 | D:3      | Reached XP level 5. HP: 25/31 MP: 0/9
  3030 | D:3      | Found a faded altar of an unknown god.
  3152 | D:3      | Found a sparkling altar of Nemelex Xobeh.
  3643 | D:4      | Reached skill level 3 in Conjurations
  3874 | D:4      | Reached XP level 6. HP: 29/36 MP: 2/11
  3951 | D:4      | Noticed Eustachio
  4006 | D:4      | Found a shadowy altar of Dithmenos.
  4046 | D:4      | HP: 18/36 [poisoned by a worker ant]
  4052 | D:4      | HP: 16/36 [poisoned by a worker ant]
  4058 | D:4      | HP: 15/36 [poisoned by a worker ant]
  4066 | D:4      | HP: 13/36 [poisoned by a worker ant]
  4307 | D:4      | HP: 15/36 [gnoll/+0 spear (9)]
  4308 | D:4      | HP: 6/36 [gnoll/+0 spear (10)]
  4685 | D:4      | HP: 5/36 [gnoll/+0 halberd (16)]
  5093 | D:4      | Found a snail-covered altar of Cheibriados.
  5216 | D:4      | Noticed Robin
  5221 | D:4      | HP: 18/36 [adder (4)]
  5226 | D:4      | HP: 17/36 [Robin/goblin (1)]
  5453 | D:4      | Killed Robin
  5457 | D:4      | HP: 18/36 [water moccasin skeleton (6)]
  5459 | D:4      | Reached skill level 4 in Conjurations
  5459 | D:4      | Reached skill level 5 in Fire Magic
  5721 | D:4      | Reached skill level 4 in Spellcasting
  5721 | D:4      | Reached XP level 7. HP: 41/41 MP: 7/13
  5731 | D:4      | Learned a level 5 spell: Fireball
  5833 | D:4      | Noticed Pikel
  5892 | D:4      | HP: 20/41 [slave[Pikel] (6)]
  6116 | D:4      | HP: 4/41 [disintegration (21)]
  6433 | D:4      | HP: 20/41 [ogre/+0 giant club (21)]
  6827 | D:5      | Entered Level 5 of the Dungeon
  6829 | D:5      | Found Yleseid's Antique Armour Shoppe.
  7439 | D:5      | Reached skill level 5 in Conjurations
  7529 | D:5      | Reached skill level 6 in Fire Magic
  7657 | D:5      | Learned a level 1 spell: Apportation
  7816 | D:5      | Reached XP level 8. HP: 38/46 MP: 14/14
  8502 | D:5      | Found Yleseid's Antique Armour Shoppe.
  9186 | D:6      | Reached skill level 6 in Conjurations
  9327 | D:6      | Found an ancient bone altar of Kikubaaqudgha.
  9329 | D:6      | Found a blossoming altar of Fedhas.
  9355 | D:6      | Reached skill level 7 in Fire Magic
  9412 | D:6      | Found Jukoosk's Antique Armour Shoppe.
  9767 | D:6      | Found a staircase to the Ecumenical Temple.
  9778 | Temple   | Entered the Ecumenical Temple
  9872 | Temple   | Became a worshipper of Vehumet
 10501 | D:4      | HP: 18/46 [ogre/+0 giant club (28)]
 10507 | D:4      | Reached skill level 5 in Spellcasting
 10507 | D:4      | Reached skill level 7 in Conjurations
 10507 | D:4      | Reached XP level 9. HP: 21/51 MP: 11/16
 10783 | D:4      | HP: 22/51 [disintegration (18)]
 10960 | D:4      | Killed Pikel
 10960 | D:4      | Reached skill level 8 in Fire Magic
 11116 | D:4      | Found a shadowy altar of Dithmenos.
 11476 | D:4      | Found a snail-covered altar of Cheibriados.
 11653 | D:4      | Killed Eustachio
 11758 | D:7      | Reached skill level 8 in Conjurations
 11909 | D:7      | Found a snail-covered altar of Cheibriados.
 12056 | D:7      | Reached skill level 9 in Fire Magic
 12059 | D:7      | HP: 24/51 [centaur (9)]
 12065 | D:7      | HP: 11/51 [poisoned by a water moccasin]
 12071 | D:7      | HP: 8/51 [poisoned by a water moccasin]
 12076 | D:7      | HP: 7/51 [poisoned by a water moccasin]
 12083 | D:7      | HP: 6/51 [poisoned by a water moccasin]
 12091 | D:7      | HP: 6/51 [poisoned by a water moccasin]
 12673 | D:7      | Reached * piety under Vehumet
 12673 | D:7      | Offered knowledge of Sting by Vehumet.
 12831 | D:7      | Reached skill level 9 in Conjurations
 12931 | D:7      | Identified the ring "Pyviolao" {Fire Dex+5}
 13059 | D:8      | Noticed Psyche
 13060 | D:8      | Reached XP level 10. HP: 56/56 MP: 6/17
 13062 | D:8      | Killed Psyche
 13178 | D:8      | Found a flagged portal.
 13180 | D:8      | Noticed a two-headed ogre
 13187 | Bailey   | Entered a bailey
 13437 | Bailey   | Reached skill level 10 in Fire Magic
 13852 | Bailey   | Upgraded the game from 0.23-a0-448-g1c01f63 to
                  | 0.23-a0-449-g8e4cbf7
 13945 | D:8      | Killed a two-headed ogre
 13945 | D:8      | Reached skill level 1 in Fighting
 13945 | D:8      | Reached skill level 10 in Conjurations
 14177 | D:8      | Reached skill level 2 in Fighting
 14471 | D:8      | Found a sacrificial altar of Ru.
 14581 | D:9      | Reached ** piety under Vehumet
 14581 | D:9      | Offered knowledge of Magic Dart by Vehumet.
 14734 | D:9      | Noticed a two-headed ogre
 14869 | D:9      | Noticed a two-headed ogre
 14873 | D:9      | Killed a two-headed ogre
 14979 | D:9      | Reached skill level 3 in Fighting
 15005 | D:9      | Killed a two-headed ogre
 15005 | D:9      | Reached skill level 6 in Spellcasting
 15005 | D:9      | Reached XP level 11. HP: 67/67 MP: 3/20
 15440 | D:10     | Entered Level 10 of the Dungeon
 15559 | D:10     | Reached skill level 4 in Fighting
 15943 | D:10     | Offered knowledge of Ignite Poison by Vehumet.
 17213 | D:11     | Reached skill level 11 in Fire Magic
 17344 | D:11     | Reached *** piety under Vehumet
 17490 | D:11     | Reached skill level 11 in Conjurations
 17789 | D:11     | Noticed a two-headed ogre
 17792 | D:11     | Killed a two-headed ogre
 17792 | D:11     | Reached skill level 5 in Fighting
 17792 | D:11     | Reached skill level 7 in Spellcasting
 17950 | D:11     | Found a staircase to the Lair.
 18104 | D:11     | Offered knowledge of Iskenderun's Mystic Blast by Vehumet.
 18322 | D:11     | Reached skill level 6 in Fighting
 18786 | D:11     | Reached **** piety under Vehumet
 18952 | D:11     | Reached skill level 8 in Spellcasting
 19021 | D:10     | Offered knowledge of Venom Bolt by Vehumet.
 19449 | D:11     | Found a staircase to the Orcish Mines.
 19756 | D:11     | Reached skill level 7 in Fighting
 19756 | D:11     | Reached XP level 12. HP: 81/81 MP: 9/24
 20055 | Orc:1    | Entered Level 1 of the Orcish Mines
 20064 | Orc:1    | Noticed Urug
 20071 | Orc:1    | Killed Urug
 20298 | Lair:1   | Entered Level 1 of the Lair of Beasts
 20301 | Lair:1   | Reached skill level 3 in Dodging
 20846 | Lair:1   | Reached skill level 4 in Dodging
 20846 | Lair:1   | Reached skill level 9 in Spellcasting
 21792 | Lair:2   | Reached skill level 8 in Fighting
 22320 | Lair:2   | Noticed a six-headed hydra
 22336 | Lair:2   | Killed a six-headed hydra
 22336 | Lair:2   | Reached skill level 5 in Dodging
 22445 | Lair:2   | Found a runed gate.
 22445 | Lair:2   | Found a runed gate.
 22445 | Lair:2   | Found a runed gate.
 22518 | Lair:2   | Noticed a fire dragon
 22648 | Lair:2   | Noticed RoseArtemis's ghost (journeyman TrMo)
 22713 | Lair:2   | Found a staircase to the Swamp.
 22900 | Lair:1   | Killed RoseArtemis's ghost
 23072 | Lair:2   | Identified a scroll of acquirement
 23073 | Lair:2   | Got a wavering jade amulet
 23075 | Lair:2   | Identified the amulet of Spring {Acrobat +Fly rF+ rN+} (You
                  | acquired it on level 2 of the Lair of Beasts)
 23343 | Lair:3   | Reached skill level 9 in Fighting
 23489 | Lair:3   | Found a frozen archway.
 23490 | Lair:3   | Reached skill level 6 in Dodging
 23519 | IceCv    | Entered an ice cave
 23523 | IceCv    | HP: 33/85 [white ugly thing (46)]
 23524 | IceCv    | Found a transporter.
 23525 | IceCv    | Reached XP level 13. HP: 35/90 MP: 26/26
 23893 | Lair:3   | Reached skill level 10 in Spellcasting
 24387 | Lair:3   | Reached skill level 7 in Dodging
 24467 | Lair:3   | Found a snail-covered altar of Cheibriados.
 24902 | Lair:4   | Reached skill level 10 in Fighting
 24983 | Lair:4   | Learned a level 1 spell: Summon Butterflies
 25287 | Lair:4   | Reached ***** piety under Vehumet
 25569 | Lair:4   | Offered knowledge of Olgreb's Toxic Radiance by Vehumet.
 25575 | Lair:4   | Learned a level 4 spell: Olgreb's Toxic Radiance
 25579 | Lair:4   | Found a staircase to the Snake Pit.
 25708 | Lair:4   | Reached skill level 1 in Poison Magic
 25765 | Lair:4   | Reached skill level 2 in Poison Magic
 26453 | Lair:5   | Reached skill level 8 in Dodging
 26453 | Lair:5   | Reached skill level 3 in Poison Magic
 26609 | Lair:5   | Reached skill level 4 in Poison Magic
 26769 | Lair:5   | Reached skill level 5 in Poison Magic
 27622 | Lair:6   | Entered Level 6 of the Lair of Beasts
 27811 | Lair:6   | Reached skill level 6 in Poison Magic
 27858 | Lair:6   | Reached skill level 11 in Fighting
 28072 | Lair:6   | Reached skill level 9 in Dodging
 28092 | Lair:6   | Reached XP level 14. HP: 101/101 MP: 9/28
 28421 | Lair:6   | Reached skill level 7 in Poison Magic
 28685 | Lair:6   | Found a staircase to the Slime Pits.
 28685 | Lair:6   | Found a viscous altar of Jiyva.
 29023 | Lair:6   | Reached skill level 1 in Shields
 29045 | Lair:6   | Reached skill level 2 in Shields
 29185 | Lair:6   | Found the +2 robe of Vines {NoPotionHeal Regen+7}
 29212 | Lair:6   | Reached skill level 3 in Shields
 29376 | Lair:6   | HP: 50/101 [eight-headed hydra (12)]
 29377 | Lair:6   | Reached skill level 4 in Shields
 29777 | Lair:6   | Reached skill level 5 in Shields
 30427 | D:12     | Offered knowledge of Airstrike by Vehumet.
 30443 | D:12     | Learned a level 4 spell: Airstrike
 30618 | D:12     | Reached skill level 6 in Shields
 31174 | D:12     | Reached skill level 7 in Shields
 32109 | D:13     | Reached skill level 8 in Shields
 32518 | D:13     | Reached skill level 9 in Shields
 32962 | D:14     | Reached XP level 15. HP: 107/107 MP: 23/29
 33279 | D:14     | Reached skill level 10 in Shields
 33488 | D:14     | Found a gate to the Vaults.
 33990 | D:15     | Entered Level 15 of the Dungeon
 34485 | D:15     | Reached skill level 11 in Shields
 34677 | D:15     | Found a staircase to the Depths.
 34838 | D:15     | Found a runed gate.
 34908 | D:15     | Reached skill level 12 in Shields
 35584 | D:15     | Found an opulent altar of Gozag.
 35586 | D:15     | Found a runed gate.
 35586 | D:15     | Found a runed gate.
 35586 | D:15     | Found Joukk's Assorted Antiques.
 35586 | D:15     | Noticed Oppon's ghost (veteran MfBe)
 35700 | Orc:1    | Noticed Snorg
 35705 | Orc:1    | Killed Snorg
 35822 | Orc:1    | Noticed Erolcha
 35825 | Orc:1    | Killed Erolcha
 35833 | Orc:1    | Learned a level 6 spell: Deflect Missiles
 35942 | Orc:1    | Found a roughly hewn altar of Beogh.
 36091 | Orc:2    | Entered Level 2 of the Orcish Mines
 36117 | Orc:2    | Reached skill level 1 in Air Magic
 36384 | Orc:2    | Reached skill level 1 in Charms
 36558 | Orc:2    | Found a staircase to the Elven Halls.
 36573 | Orc:2    | Reached skill level 2 in Air Magic
 36575 | Orc:2    | Reached skill level 2 in Charms
 36577 | Orc:2    | Reached ****** piety under Vehumet
 36579 | Orc:2    | Reached skill level 3 in Air Magic
 36581 | Orc:2    | Reached skill level 3 in Charms
 36585 | Orc:2    | Offered knowledge of Spellforged Servitor by Vehumet.
 36587 | Orc:2    | Reached skill level 4 in Air Magic
 36587 | Orc:2    | Reached XP level 16. HP: 114/114 MP: 25/30
 36598 | Orc:2    | Reached skill level 4 in Charms
 36865 | Orc:2    | Found Osuok's Food Shoppe.
 36865 | Orc:2    | Found Sutsaplib's Armour Shop.
 36865 | Orc:2    | Found Lehaofeg's Magic Scroll Boutique.
 36865 | Orc:2    | Found Fofyirgh's Gadget Shoppe.
 36976 | Orc:2    | Reached skill level 13 in Shields
 37153 | Orc:2    | Reached skill level 5 in Air Magic
 37198 | Orc:2    | Reached skill level 5 in Charms
 37586 | Orc:2    | Bought a wand of clouds (6) for 390 gold pieces
 38276 | Lair:2   | Found a staircase to the Swamp.
 38427 | Swamp:1  | Entered Level 1 of the Swamp
 38891 | Swamp:1  | Offered knowledge of Lightning Bolt by Vehumet.
 39039 | Swamp:1  | Reached skill level 6 in Air Magic
 39040 | Swamp:1  | Reached skill level 6 in Charms
 40035 | Swamp:2  | Reached skill level 12 in Fighting
 40255 | Swamp:2  | Learned a level 4 spell: Cause Fear
 41032 | Swamp:3  | Reached skill level 14 in Shields
 41207 | Swamp:3  | Offered knowledge of Bolt of Fire by Vehumet.
 41212 | Swamp:3  | Reached XP level 17. HP: 121/121 MP: 4/31
 41370 | Swamp:3  | Reached skill level 11 in Spellcasting
 41780 | Swamp:3  | Reached skill level 10 in Dodging
 41882 | Swamp:3  | Got a slimy bone ring
 41883 | Swamp:3  | Identified the ring "Vaewn" {rElec rC++ MR+} (You acquired
                  | it on level 3 of the Swamp)
 41917 | Swamp:3  | Noticed Nikola
 41926 | Swamp:3  | Killed Nikola
 42331 | Swamp:4  | Entered Level 4 of the Swamp
 42524 | Swamp:4  | Reached skill level 13 in Fighting
 43559 | Swamp:4  | Offered knowledge of Orb of Destruction by Vehumet.
 44042 | Swamp:4  | Noticed the 27-headed Lernaean hydra
 44329 | D:15     | Turgon: lerny bites you (27x). Ouch! That really hurts!
 44540 | Snake:1  | Entered Level 1 of the Snake Pit
 44604 | Lair:4   | Learned a level 7 spell: Orb of Destruction
 44612 | Lair:4   | HP: 59/123 [anaconda (17)]
 45014 | Elf:1    | Entered Level 1 of the Elven Halls
 45020 | Elf:1    | Noticed Kirke
 45024 | Elf:1    | Killed Kirke
 45024 | Elf:1    | Reached skill level 1 in Hexes
 45110 | Elf:1    | Reached skill level 2 in Hexes
 45257 | Elf:1    | Reached skill level 15 in Shields
 45394 | Elf:1    | Reached skill level 12 in Spellcasting
 45404 | Elf:1    | Reached skill level 3 in Hexes
 45736 | Elf:1    | Reached skill level 4 in Hexes
 45856 | Elf:1    | Got a translucent glass ring
 45857 | Elf:1    | Identified the ring of Wuinaxuf {rElec MP+9 Str+4} (You
                  | acquired it on level 1 of the Elven Halls)
 45960 | Elf:1    | Reached XP level 18. HP: 130/130 MP: 34/34
 46297 | Elf:1    | Identified the Catalogue of Combat Magic
 46308 | Elf:1    | Reached skill level 14 in Fighting
 47168 | Elf:2    | p0werm0de: https://youtu.be/G5hNzujZK1w?t=2159
 47170 | Elf:2    | p0werm0de: never anon!!
 47267 | Elf:2    | p0werm0de: x-ray-vision gets ya
 47276 | Elf:2    | p0werm0de: octopode lyfe
 47277 | Elf:2    | Reached skill level 13 in Spellcasting
 47303 | Elf:2    | Found a runed gate.
 47308 | Elf:2    | Found a runed gate.
 47308 | Elf:2    | Found a runed gate.
 48077 | Elf:2    | Reached skill level 15 in Fighting
 48186 | Elf:2    | Offered knowledge of Ozocubu's Refrigeration by Vehumet.
 48454 | Elf:3    | Entered Level 3 of the Elven Halls
 49042 | Elf:3    | Noticed a deep elf blademaster
 49042 | Elf:3    | Noticed a deep elf master archer
 49042 | Elf:3    | Noticed a deep elf master archer
 49042 | Elf:3    | Noticed a deep elf blademaster
 49044 | Elf:3    | Noticed a deep elf blademaster
 49727 | Elf:3    | Killed a deep elf blademaster
 49765 | Elf:3    | Noticed a deep elf blademaster
 49766 | Elf:3    | Identified the ring of Jujuc {Int+2 Slay+3}
 49766 | Elf:3    | Noticed a deep elf blademaster
 49770 | Elf:3    | Noticed a deep elf blademaster
 49770 | Elf:3    | Identified the +5 great mace of Starshine {crush, *Corrode
                  | Str+5}
 49774 | Elf:3    | HP: 59/134 [deep elf blademaster/+1 rapier of venom (18)]
 49775 | Elf:3    | Killed a deep elf blademaster
 49779 | Elf:3    | HP: 42/134 [poisoned by a deep elf blademaster]
 49784 | Elf:3    | Killed a deep elf blademaster
 49784 | Elf:3    | HP: 40/134 [poisoned by a deep elf blademaster]
 49790 | Elf:3    | HP: 39/134 [poisoned by a deep elf blademaster]
 49797 | Elf:2    | HP: 39/134 [poisoned by a deep elf blademaster]
 49805 | Elf:2    | HP: 40/134 [poisoned by a deep elf blademaster]
 50439 | Elf:3    | Reached XP level 19. HP: 139/139 MP: 36/36
 50655 | Elf:3    | HP: 50/139 [+2 glaive of venom (24)]
 50891 | Elf:3    | HP: 46/139 [deep elf blademaster/+0 rapier (25)]
 51187 | Elf:3    | Identified the +3 leather armour of Trog's Fury {rElec
                  | rPois rC+ Int+4}
 51197 | Elf:3    | Identified the cursed +1 short sword "Maly" {freeze, *Slow
                  | +Blink rF+++ rC+}
 51214 | Elf:3    | Reached skill level 14 in Spellcasting
 51531 | Elf:3    | Reached skill level 12 in Conjurations
 51565 | Elf:3    | Reached skill level 12 in Fire Magic
 51569 | Elf:3    | Identified the +8 battleaxe of Day {flame, rElec Dex-2
                  | Stlth+}
 51577 | Elf:3    | Reached skill level 5 in Hexes
 51938 | Elf:3    | Identified the cursed +0 robe "Jotaat" {rCorr}
 52024 | Elf:3    | Identified the Incunabulum of Moulding and Evil Secrets
 52035 | Elf:3    | Learned a level 6 spell: Invisibility
 52332 | Orc:2    | Bought a scroll of fog for 32 gold pieces
 52332 | Orc:2    | Bought a scroll of identify for 32 gold pieces
 52332 | Orc:2    | Bought a scroll of identify for 32 gold pieces
 52332 | Orc:2    | Bought a scroll of fog for 32 gold pieces
 52332 | Orc:2    | Bought a scroll of fog for 32 gold pieces
 52332 | Orc:2    | Bought a scroll of identify for 32 gold pieces
 52332 | Orc:2    | Bought a scroll of enchant armour for 120 gold pieces
 52333 | Orc:2    | Bought a ration for 55 gold pieces
 52333 | Orc:2    | Bought a ration for 55 gold pieces
 52333 | Orc:2    | Bought a ration for 55 gold pieces
 52333 | Orc:2    | Bought a ration for 55 gold pieces
 52333 | Orc:2    | Bought a ration for 55 gold pieces
 52333 | Orc:2    | Bought a ration for 55 gold pieces
 52333 | Orc:2    | Bought a ration for 55 gold pieces
 52333 | Orc:2    | Bought a ration for 55 gold pieces
 52333 | Orc:2    | Bought a ration for 55 gold pieces
 52333 | Orc:2    | Bought a ration for 55 gold pieces
 52961 | Swamp:4  | Killed the 27-headed Lernaean hydra
 52961 | Swamp:4  | Reached skill level 6 in Hexes
 53081 | Swamp:4  | Got a decaying rune of Zot
 53332 | D:15     | Noticed a caustic shrike
 53335 | D:15     | Noticed a caustic shrike
 53335 | D:15     | an acid blob changed into a caustic shrike
 53336 | D:15     | a caustic shrike changed into an acid blob
 53339 | D:15     | Noticed a golden dragon
 53339 | D:15     | an acid blob changed into a golden dragon
 53340 | D:15     | a golden dragon changed into a stone giant
 53400 | Vaults:1 | Entered Level 1 of the Vaults
 53435 | Vaults:1 | Found Durijyr's Weapon Emporium.
 53931 | Vaults:1 | Offered knowledge of Fire Storm by Vehumet.
 53931 | Vaults:1 | Offered knowledge of Shatter by Vehumet.
 53931 | Vaults:1 | Offered knowledge of Ignition by Vehumet.
 54082 | Vaults:1 | Identified the +7 arbalest "Lomneull" {velocity, rPois rN+}
 54083 | Vaults:1 | Learned a level 8 spell: Ignition
 54177 | Vaults:1 | Identified the ring of Honesty {rPois MR+ Str+4 Dex+6} (You
                  | found it on level 1 of the Vaults)
 54218 | Vaults:1 | Found Kawnilel's Weapon Shop.
 54453 | Vaults:1 | Found a runed gate.
 54453 | Vaults:1 | Found a runed gate.
 54453 | Vaults:1 | Found a runed gate.
 54542 | Vaults:1 | Reached skill level 7 in Hexes
 54877 | Vaults:1 | Noticed Isedumueph's ghost (veteran HuFi)
 54911 | Vaults:2 | Reached skill level 13 in Conjurations
 55031 | Vaults:2 | Reached XP level 20. HP: 145/145 MP: 25/38
 55620 | Vaults:2 | Reached skill level 15 in Spellcasting
 55623 | Vaults:2 | Reached skill level 8 in Hexes
 55775 | Vaults:2 | Reached skill level 13 in Fire Magic
 55776 | Vaults:2 | Noticed Agnes
 55783 | Vaults:2 | Killed Agnes
 55907 | Vaults:2 | Noticed Frederick
 55916 | Vaults:2 | Killed Frederick
 55964 | Vaults:2 | Identified the +3 scimitar "Himedd" {slice, Int+3 Dex+6}
 56174 | Vaults:2 | Reached skill level 14 in Fire Magic
 57134 | Vaults:3 | Found a staircase to the Crypt.
 57193 | Vaults:3 | Reached skill level 15 in Fire Magic
 57620 | Vaults:3 | Found Jutuew's Armour Shop.
 57624 | Vaults:3 | Bought a +2 shield of reflection for 314 gold pieces
 57901 | Vaults:3 | Reached skill level 16 in Fire Magic
 57901 | Vaults:3 | Reached XP level 21. HP: 151/151 MP: 39/40
 58028 | Vaults:3 | Found Fyenly's Book Boutique.
 58036 | Vaults:3 | Bought a book of Power for 765 gold pieces
 58036 | Vaults:3 | Bought a book of Battle for 680 gold pieces
 58045 | Vaults:3 | Learned a level 6 spell: Iron Shot
 58203 | Vaults:3 | Reached skill level 1 in Earth Magic
 58297 | Vaults:3 | Reached skill level 2 in Earth Magic
 58471 | Vaults:3 | Reached skill level 3 in Earth Magic
 58991 | Vaults:4 | Reached skill level 4 in Earth Magic
 59125 | Vaults:4 | Found Evyt Nag's Gadget Emporium.
 59130 | Vaults:4 | Bought a wand of clouds (6) for 390 gold pieces
 59130 | Vaults:4 | Bought a wand of digging (4) for 208 gold pieces
 59304 | Vaults:4 | Reached skill level 5 in Earth Magic
 59560 | Vaults:4 | Reached skill level 6 in Earth Magic
 59881 | Vaults:4 | Reached skill level 7 in Earth Magic
 60593 | Vaults:5 | Entered Level 5 of the Vaults
 60594 | Vaults:5 | Reached skill level 17 in Fire Magic
 60594 | Vaults:5 | Reached skill level 8 in Earth Magic
 61275 | Snake:1  | Learned a level 9 spell: Fire Storm
 61471 | Snake:1  | Reached XP level 22. HP: 157/157 MP: 41/41
 62181 | Snake:2  | Noticed Frances
 62184 | Snake:2  | Killed Frances
 62239 | Snake:2  | Identified the Grimoire of Earthen Weightlessness
 62725 | Snake:3  | Reached skill level 14 in Conjurations
 62793 | Snake:3  | Reached skill level 18 in Fire Magic
 63137 | Snake:3  | Found Ymeocsoisk's Armour Shop.
 63145 | Snake:3  | Bought the +2 shield of Resistance {rF+ rC+ MR+} for 657
                  | gold pieces
 63145 | Snake:3  | Found the +2 shield of Resistance {rF+ rC+ MR+}
 64098 | Snake:4  | Entered Level 4 of the Snake Pit
 64419 | Snake:4  | Reached skill level 15 in Conjurations
 65004 | Snake:4  | Reached skill level 1 in Translocations
 65422 | Snake:4  | Reached skill level 2 in Translocations
 65747 | Snake:4  | Got a serpentine rune of Zot
 66134 | Snake:4  | theanonym: !lg . s=int
 66134 | Snake:4  | beem: 846 games for theanonym: 92x 12, 91x 11, 74x 8, 68x
                  | 14, 56x 15, 55x 13, 54x 9, 48x 16, 37x 7, 34x 10, 33x 17,
                  | 30x 19, 22x 6, 20x 20, 14x 22, 13x 18, 12x 4, 10x 3, 10x
                  | 21, 9x 5, 7x 24, 7x 27, 5x 34, 4x 23, 3x 29, 3x 25, 3x 48,
                  | 3x 31, 2x 30, 2x 56, 2x 45, 2x 58, 2x 2, 2x 37, 2x 42, 2x
                  | 32, 50, 51, 62, 33, 52, 26, 35, -14, 46, 41, 39, 36, 28
 66134 | Snake:4  | theanonym: !lg . max=int
 66134 | Snake:4  | beem: 846. theanonym the Archmage (L27 DEWz of Vehumet),
                  | escaped with the Orb and 15 runes on 2018-01-28 20:02:02,
                  | with 16695235 points after 94136 turns and 10:10:38.
 66134 | Snake:4  | theanonym: !lg . max=int s=int
 66134 | Snake:4  | beem: 846 games for theanonym: 92x 12, 91x 11, 74x 8, 68x
                  | 14, 56x 15, 55x 13, 54x 9, 48x 16, 37x 7, 34x 10, 33x 17,
                  | 30x 19, 22x 6, 20x 20, 14x 22, 13x 18, 12x 4, 10x 3, 10x
                  | 21, 9x 5, 7x 24, 7x 27, 5x 34, 4x 23, 3x 29, 3x 25, 3x 48,
                  | 3x 31, 2x 30, 2x 56, 2x 45, 2x 58, 2x 2, 2x 37, 2x 42, 2x
                  | 32, 50, 51, 62, 33, 52, 26, 35, -14, 46, 41, 39, 36, 28
 66134 | Snake:4  | theanonym: !lg . max=int -log
 66134 | Snake:4  | beem: 846. theanonym, XL27 DEWz, T:94136:
                  | https://crawl.xtahua.com/crawl/morgue/theanonym/morgue-thea
                  | nonym-20180128-200202.txt
 66134 | Snake:4  | theanonym: !lg * max=int -log
 66134 | Snake:4  | beem: 9760531. araganzar, XL27 OpWz, T:124772:
                  | http://crawl.berotato.org/crawl/morgue/araganzar/morgue-ara
                  | ganzar-20161221-152649.txt
 66134 | Snake:4  | theanonym: !lg * max=int -log god!=che
 66134 | Snake:4  | beem: 9605229. MistraI, XL27 DgWz, T:115972:
                  | https://webzook.net/soup/morgue/trunk/MistraI/morgue-Mistra
                  | I-20160206-151629.txt
 66587 | Crypt:1  | Entered Level 1 of the Crypt
 66619 | Crypt:1  | Reached skill level 3 in Translocations
 66855 | Crypt:1  | HP: 77/157 [four-headed hydra skeleton[a curse skull] (11)]
 66858 | Crypt:1  | Reached XP level 23. HP: 45/162 MP: 31/42
 66861 | Crypt:1  | Reached skill level 16 in Conjurations
 66872 | Crypt:1  | HP: 39/162 [skeletal warrior/+0 short sword[an ancient
                  | champion] (11)]
 67384 | Crypt:1  | Reached skill level 4 in Translocations
 67424 | Crypt:1  | Noticed Aizul
 67581 | Crypt:1  | Killed Aizul
 67695 | Crypt:1  | Noticed Margery
 67702 | Crypt:1  | Killed Margery
 67809 | Crypt:1  | Noticed Bai Suzhen
 67813 | Crypt:1  | HP: 79/162 [eight-headed hydra[Bai Suzhen] (8)]
 68352 | Crypt:1  | Noticed Sojobo
 68355 | Crypt:1  | Killed Sojobo
 68532 | Crypt:1  | Killed Bai Suzhen
 68999 | Crypt:1  | Reached skill level 19 in Fire Magic
 69254 | Crypt:2  | Reached skill level 1 in Evocations
 69257 | Crypt:2  | Reached skill level 2 in Evocations
 69266 | Crypt:2  | Reached skill level 3 in Evocations
 69432 | Crypt:2  | Reached skill level 4 in Evocations
 69632 | Crypt:2  | Reached skill level 5 in Evocations
 69809 | Crypt:2  | Reached skill level 6 in Evocations
 70098 | Crypt:3  | Entered Level 3 of the Crypt
 70247 | Crypt:3  | Reached skill level 7 in Evocations
 70537 | Crypt:3  | Reached skill level 8 in Evocations
 70927 | Crypt:3  | Reached skill level 9 in Evocations
 71343 | Crypt:3  | Found a staircase to the Tomb.
 71369 | Crypt:3  | Identified the +3 dagger "Quiraky" {protect, rC+ Str+4
                  | Dex+2} (You found it on level 3 of the Crypt)
 71373 | Crypt:3  | Identified the +5 morningstar "Vuan Odu" {crush, MR- Int+7
                  | Dex+2} (You found it on level 3 of the Crypt)
 71538 | Crypt:3  | Learned a level 3 spell: Regeneration
 72284 | Crypt:3  | Found an ancient bone altar of Kikubaaqudgha.
 72324 | Crypt:3  | Reached skill level 1 in Necromancy
 72402 | Crypt:3  | Reached XP level 24. HP: 169/169 MP: 42/42
 72591 | Crypt:3  | Found the +8 demon blade "Bloodbane" {slice, *Rage +Rage
                  | Stlth-}
 72592 | Crypt:3  | Found the ring of the Mage {Wiz MR++ Int+3}
 72602 | Crypt:3  | Identified the Handbook of the Fetching Arsonist
 72873 | Crypt:3  | Learned a level 2 spell: Blink
 73234 | D:15     | HP: 84/169 [Oppon's ghost (36)]
 73253 | D:15     | Killed Oppon's ghost
 73253 | D:15     | Reached skill level 17 in Conjurations
 73286 | D:15     | Bought a scroll of blinking for 202 gold pieces
 73286 | D:15     | Bought a scroll of identify for 54 gold pieces
 73286 | D:15     | Bought a scroll of identify for 54 gold pieces
 73286 | D:15     | Bought a scroll of identify for 54 gold pieces
 73520 | Depths:1 | Entered Level 1 of the Depths
 73522 | Depths:1 | Reached skill level 2 in Necromancy
 73943 | Depths:1 | Found a one-way gate to the infinite horrors of the Abyss.
 73997 | Depths:1 | Reached skill level 3 in Necromancy
 73997 | Depths:1 | Reached skill level 10 in Evocations
 74171 | Depths:1 | Found Doufrot's Weapon Boutique.
 74413 | Depths:1 | Found a gateway to Hell.
 74434 | Depths:1 | Identified the +0 robe of Nirist {*Contam rPois rN++ Dex+2}
 74518 | Depths:1 | Identified the +1 hat "Ontorene" {rN++ Str+6} (You found it
                  | on level 1 of the Depths)
 74535 | Depths:1 | Found a radiant altar of Vehumet.
 75036 | Depths:2 | Reached skill level 18 in Conjurations
 75258 | Depths:2 | Found a gateway to a ziggurat.
 75346 | Depths:2 | Found a runed door.
 75346 | Depths:2 | Noticed Gupsidadd's ghost (veteran MiBe)
 75443 | Depths:2 | Found a one-way gate leading to the halls of Pandemonium.
 75509 | Depths:2 | Found Goag's Book Boutique.
 75885 | Depths:3 | Found Vuiza's Antique Armour Boutique.
 75885 | Depths:3 | Found Wogihus's Food Emporium.
 75905 | Depths:3 | Bought a ration for 55 gold pieces
 75905 | Depths:3 | Bought a ration for 55 gold pieces
 75905 | Depths:3 | Bought a ration for 55 gold pieces
 75905 | Depths:3 | Bought a ration for 55 gold pieces
 75905 | Depths:3 | Bought a ration for 55 gold pieces
 75905 | Depths:3 | Bought a ration for 55 gold pieces
 75905 | Depths:3 | Bought a ration for 55 gold pieces
 75905 | Depths:3 | Bought a ration for 55 gold pieces
 75905 | Depths:3 | Bought a ration for 55 gold pieces
 75905 | Depths:3 | Bought a ration for 55 gold pieces
 75905 | Depths:3 | Bought a ration for 55 gold pieces
 75905 | Depths:3 | Bought a ration for 55 gold pieces
 76011 | Depths:3 | Reached XP level 25. HP: 174/174 MP: 38/42
 76347 | Depths:3 | Reached skill level 19 in Conjurations
 76347 | Depths:3 | Reached skill level 20 in Fire Magic
 77196 | Depths:4 | Noticed Jory
 77199 | Depths:4 | Killed Jory
 77398 | Depths:3 | HP: 83/175 [deep troll earth mage (7)]
 77403 | Depths:3 | HP: 63/175 [poisoned by a green very ugly thing]
 77408 | Depths:3 | HP: 50/175 [poisoned by a green very ugly thing]
 77413 | Depths:3 | HP: 42/175 [poisoned by a green very ugly thing]
 77418 | Depths:3 | HP: 36/175 [poisoned by a green very ugly thing]
 77423 | Depths:3 | HP: 33/175 [poisoned by a green very ugly thing]
 77429 | Depths:3 | HP: 32/175 [poisoned by a green very ugly thing]
 77434 | Depths:3 | HP: 31/175 [poisoned by a green very ugly thing]
 77440 | Depths:3 | HP: 31/175 [poisoned by a green very ugly thing]
 77448 | Depths:3 | HP: 32/175 [poisoned by a green very ugly thing]
 77946 | Depths:4 | Identified the +8 trident "Dudewof" {antimagic, *Slow rPois
                  | SInv Stlth+}
 78309 | Depths:4 | Identified the +6 plate armour of the Pleiades {rC+ Str+3}
 78603 | Depths:4 | Identified the ring "Ketweulorgh" {*Contam +Fly rPois MR+
                  | Dex+6}
 78604 | Depths:4 | Reached skill level 20 in Conjurations
 78632 | Depths:4 | Identified the +6 flail "Orywumpoca" {crush, *Rage rPois
                  | rC+++ Stlth+} (You took it off a tengu reaver on level 4 of
                  | the Depths)
 78642 | Depths:4 | Reached skill level 16 in Spellcasting
 78810 | Depths:4 | Identified Zaexoot's Grimoire of Shifting Feathers
 78982 | Depths:4 | Reached skill level 16 in Fighting
 79426 | Depths:4 | Noticed a juggernaut
 79429 | Depths:4 | Killed a juggernaut
 79557 | Depths:4 | Identified the cursed +0 spear "Ykog" {pierce, Dex+3
                  | Stlth+} (You found it on level 4 of the Depths)
 79594 | Depths:5 | Entered Level 5 of the Depths
 79598 | Depths:5 | Reached XP level 26. HP: 185/185 MP: 43/43
 79606 | Depths:5 | Noticed a juggernaut
 79609 | Depths:5 | Killed a juggernaut
 79937 | Depths:5 | Found Tuvvekhy's Gadget Boutique.
 79937 | Depths:5 | Found Ykix Heg's Jewellery Emporium.
 79938 | Depths:5 | Found Jepsuwet's Jewellery Emporium.
 79944 | Depths:5 | Bought a +5 ring of intelligence for 906 gold pieces
 79955 | Depths:5 | Bought an uncursed amulet of magic regeneration for 330
                  | gold pieces
 79976 | Depths:5 | Found a gate to the Realm of Zot.
 80315 | Vaults:5 | Reached skill level 17 in Fighting
 80317 | Vaults:5 | Reached skill level 17 in Spellcasting
 80474 | Vaults:5 | Noticed Saint Roka
 80747 | Vaults:5 | Killed Saint Roka
 80770 | Vaults:5 | Noticed an ancient lich
 80790 | Vaults:5 | Got a silver rune of Zot
 81001 | Vaults:5 | Identified the Almanac of Shifting Curses
 81047 | Vaults:5 | HP: 90/187 [tentacled monstrosity (8)]
 81155 | Vaults:5 | Reached skill level 18 in Fighting
 81423 | Vaults:5 | Killed an ancient lich
 81423 | Vaults:5 | Reached skill level 18 in Spellcasting
 81659 | Vaults:5 | Found Juvaff's Magic Scroll Shoppe.
 81668 | Vaults:5 | Bought a scroll of blinking for 135 gold pieces
 81714 | Vaults:5 | Noticed an ancient lich
 81717 | Vaults:5 | Killed an ancient lich
 81717 | Vaults:5 | Reached XP level 27. HP: 195/195 MP: 13/45
 82024 | Vaults:5 | Found Vibaleh's Jewellery Shoppe.
 82262 | Vaults:5 | Identified the Papyrus of the Many Mice
 82301 | Vaults:5 | Identified the +7 mace "Vofegg" {elec, rN+ SInv}
 82511 | Vaults:1 | Killed Isedumueph's ghost
 82842 | Depths:2 | Killed Gupsidadd's ghost
 83060 | Slime:1  | Entered Level 1 of the Pits of Slime
 83070 | Slime:1  | Reached skill level 11 in Evocations
 83228 | Slime:2  | Noticed Dissolution
 83231 | Slime:2  | Killed Dissolution
 83231 | Slime:2  | Reached skill level 19 in Fighting
 83463 | Slime:5  | Entered Level 5 of the Pits of Slime
 83466 | Slime:5  | Reached skill level 12 in Evocations
 83501 | Slime:5  | Noticed the Royal Jelly
 83503 | Slime:5  | Killed the Royal Jelly
 83503 | Slime:5  | Reached skill level 19 in Spellcasting
 83640 | Slime:5  | Found the +8 trident of the Octopus King {venom, rElec
                  | rPois MR+}
 83741 | Slime:5  | Got a slimy rune of Zot
 84020 | Slime:5  | Learned a level 5 spell: Aura of Abjuration
 84341 | Zot:1    | Entered Level 1 of the Realm of Zot
 84404 | Zot:1    | Reached skill level 9 in Earth Magic
 84809 | Zot:1    | Identified the +6 morningstar of Greatest Utility {holy,
                  | Int+4} (You found it on level 1 of the Realm of Zot)
 85157 | Zot:2    | Reached skill level 10 in Earth Magic
 85165 | Zot:1    | HP: 98/199 [poison (poison gas)]
 85170 | Zot:1    | HP: 87/199 [poison (poison gas)]
 85175 | Zot:1    | HP: 79/199 [poison (poison gas)]
 85180 | Zot:1    | HP: 74/199 [poison (poison gas)]
 85185 | Zot:1    | HP: 72/199 [poison (poison gas)]
 85191 | Zot:1    | HP: 70/199 [poison (poison gas)]
 85198 | Zot:1    | HP: 70/199 [poison (poison gas)]
 85205 | Zot:1    | HP: 71/199 [poison (poison gas)]
 85213 | Zot:1    | HP: 73/199 [poison (poison gas)]
 85631 | Zot:2    | Reached skill level 20 in Fighting
 85668 | Zot:2    | Reached skill level 1 in Summonings
 85702 | Zot:2    | Reached skill level 2 in Summonings
 85831 | Zot:2    | Reached skill level 3 in Summonings
 85952 | Zot:2    | Reached skill level 4 in Summonings
 86174 | Zot:2    | Reached skill level 5 in Summonings
 86571 | Zot:3    | Reached skill level 20 in Spellcasting
 86585 | Zot:3    | Reached skill level 6 in Summonings
 86714 | Zot:3    | Reached skill level 7 in Summonings
 86714 | Zot:3    | Reached skill level 7 in Air Magic
 86719 | Zot:3    | Reached skill level 8 in Summonings
 86766 | Zot:3    | Reached skill level 9 in Summonings
 86766 | Zot:3    | Reached skill level 8 in Air Magic
 86837 | Zot:3    | Learned a level 9 spell: Tornado
 86883 | Zot:3    | Reached skill level 10 in Summonings
 86983 | Zot:3    | Reached skill level 9 in Air Magic
 87027 | Zot:3    | Reached skill level 10 in Air Magic
 87199 | Zot:3    | Reached skill level 11 in Air Magic
 87676 | Zot:5    | Entered Level 5 of the Realm of Zot
 87870 | Zot:5    | Found a runed gate.
 87871 | Zot:5    | Found a runed gate.
 87872 | Zot:5    | Found a runed gate.
 87873 | Zot:5    | Noticed Nusoar's ghost (master MiBe)
 87874 | Zot:5    | Noticed an ancient lich
 87875 | Zot:5    | Noticed an ancient lich
 87907 | Zot:5    | Reached skill level 12 in Air Magic
 88008 | Zot:4    | Reached skill level 13 in Air Magic
 88429 | Zot:4    | Reached skill level 14 in Air Magic
 88804 | Zot:5    | Noticed an orb of fire
 88831 | Zot:5    | Reached skill level 15 in Air Magic
 88831 | Zot:5    | Killed an ancient lich
 88832 | Zot:5    | Killed an ancient lich
 88834 | Zot:5    | Killed Nusoar's ghost
 88845 | Zot:5    | Got a brightly glowing golden ring
 88846 | Zot:5    | Identified the ring "Viryank" {rPois rF+ MR- AC+3} (You
                  | found it on level 5 of the Realm of Zot)
 88924 | Zot:5    | Reached skill level 16 in Air Magic
 89049 | Depths:4 | Voluntarily entered the Abyss.
 89163 | Abyss:1  | Found a snail-covered altar of Cheibriados.
 89486 | Abyss:2  | Reached skill level 17 in Air Magic
 89525 | Abyss:2  | Noticed an ancient lich
 89535 | Abyss:2  | Killed an ancient lich
 89779 | Abyss:4  | Got an abyssal rune of Zot
 89783 | Abyss:4  | Reached skill level 18 in Air Magic
 89856 | Depths:4 | Escaped the Abyss
 90196 | Vaults:5 | Bought the ring of Xuin {rF+ rN++ Stlth-} for 904 gold
                  | pieces
 90198 | Vaults:5 | TheNamelessOne: а статуи нет?
 90198 | Vaults:5 | theanonym: я с некромутом обычно хожу
 90547 | Pan      | Entered Pandemonium
 90587 | Pan      | Noticed Wuonacs the pandemonium lord
 90591 | Pan      | HP: 99/201 [balrug/divine providence (15)]
 90595 | Pan      | theanonym: ой бля
 90599 | Pan      | Killed Wuonacs the pandemonium lord
 90618 | Pan      | TheNamelessOne: его ж нет
 90852 | Pan      | TheNamelessOne: статуя - нормальный заменитель
 90880 | Pan      | TheNamelessOne: октопод ничего не теряет кроме рмута
 91022 | Pan      | Reached skill level 19 in Air Magic
 91190 | Pan      | Turgon: And now the strategy for the rest of the game:
 91201 | Pan      | Turgon: fire storm, fire storm, fire storm,...
 91617 | Pan      | Reached skill level 20 in Air Magic
 91622 | Pan      | Noticed Vabria the pandemonium lord
 91625 | Pan      | Killed Vabria the pandemonium lord
 92363 | Pan      | Reached skill level 11 in Dodging
 92380 | Pan      | Identified the +1 robe of the Lute {rPois rN+ Str-5}
 92383 | Pan      | Noticed Moumpupa the pandemonium lord
 92501 | Pan      | Found an exit through the horrors of the Abyss.
 92643 | Pan      | Killed Moumpupa the pandemonium lord
 92775 | Pan      | Noticed Ceozorro the pandemonium lord
 93020 | Pan      | Noticed Xiheer the pandemonium lord
 93023 | Pan      | Killed Xiheer the pandemonium lord
 93312 | Pan      | Identified the cursed ring of Vejeataa {rF+ rC+ Str+6
                  | Slay-3} (You found it in Pandemonium)
 93651 | Pan      | Identified the cursed +0 shield "Xiufibb" {-Cast +Fly MR+}
                  | (You found it in Pandemonium)
 93681 | Pan      | Reached skill level 12 in Dodging
 93686 | Pan      | Noticed Megos the pandemonium lord
 93690 | Pan      | Killed Megos the pandemonium lord
 93826 | Pan      | Reached skill level 21 in Fighting
 94436 | Pan      | HP: 102/205 [smoke demon/divine providence (11)]
 94938 | Pan      | Noticed Musu the pandemonium lord
 94941 | Pan      | Killed Musu the pandemonium lord
 95257 | Pan      | Reached skill level 21 in Air Magic
 95290 | Pan      | Reached skill level 21 in Fire Magic
 95393 | Pan      | Noticed Qiukkaq the pandemonium lord
 95396 | Pan      | Killed Qiukkaq the pandemonium lord
 95396 | Pan      | Reached skill level 13 in Dodging
 95483 | Pan      | Reached skill level 11 in Summonings
 95519 | Pan      | Reached skill level 21 in Spellcasting
 95827 | Pan      | Reached skill level 12 in Summonings
 95964 | Pan      | Found a huge runed gate.
 96343 | Pan      | Noticed Jiownetz the pandemonium lord
 96345 | Pan      | Killed Jiownetz the pandemonium lord
 96627 | Pan      | Reached skill level 14 in Dodging
 96671 | Pan      | Noticed Paskablitu the pandemonium lord
 96672 | Pan      | Killed Paskablitu the pandemonium lord
 97366 | Pan      | Reached skill level 22 in Fighting
 97382 | Pan      | Identified the Volume of Nocuous Conjuration
 97680 | Pan      | Reached skill level 13 in Evocations
 97907 | Pan      | Learned a level 8 spell: Necromutation
 97932 | Pan      | Got a demonic rune of Zot
 97945 | Pan      | Gained mutation: You are frail. (-10% HP) [a cacodemon]
 97946 | Pan      | Reached skill level 1 in Transmutations
 97968 | Pan      | Reached skill level 2 in Transmutations
 98014 | Pan      | Reached skill level 4 in Necromancy
 98098 | Pan      | Reached skill level 3 in Transmutations
 98178 | Pan      | Reached skill level 5 in Necromancy
 98178 | Pan      | Reached skill level 4 in Transmutations
 98179 | Pan      | Noticed Vysm the pandemonium lord
 98188 | Pan      | Killed Vysm the pandemonium lord
 98188 | Pan      | Reached skill level 6 in Necromancy
 98188 | Pan      | Reached skill level 5 in Transmutations
 98544 | Pan      | Noticed Mennas
 98550 | Pan      | Killed Mennas
 98550 | Pan      | Reached skill level 7 in Necromancy
 98550 | Pan      | Reached skill level 6 in Transmutations
 98689 | Pan      | Entered the realm of Mnoleg.
 98696 | Pan      | Reached skill level 7 in Transmutations
 98700 | Pan      | Noticed Mnoleg
 98710 | Pan      | Reached skill level 8 in Necromancy
 98711 | Pan      | Killed Mnoleg
 98712 | Pan      | Reached skill level 8 in Transmutations
 98717 | Pan      | Reached skill level 9 in Necromancy
 98872 | Pan      | Gained mutation: You are clumsy. (Dex -2) [a neqoxec]
 98881 | Pan      | Gained mutation: You are covered in fur. (AC +1) [a
                  | neqoxec]
 98998 | Pan      | Gained mutation: You evolve. [a cacodemon]
 99001 | Pan      | Reached skill level 9 in Transmutations
 99031 | Pan      | Got a glowing rune of Zot
 99084 | Pan      | theanonym: если попаду к церебову никак не убью без глейса
                  | и копья
 99128 | Pan      | Petrovich: руну всегда можно своровать
 99185 | Pan      | theanonym: Он потом по всем панам будет спавниться и штормы
                  | кидать
 99188 | Pan      | Petrovich: а ты tele
 99328 | Pan      | Found an exit through the horrors of the Abyss.
 99335 | Pan      | Took an exit into the Abyss.
 99335 | Abyss:1  | Escaped into the Abyss
 99335 | Abyss:1  | Found a corrupted altar of Lugonu.
 99443 | Abyss:1  | Lost mutation: You are clumsy. (Dex -2) [evolution]
 99484 | Abyss:1  | Found a corrupted altar of Lugonu.
 99597 | Abyss:1  | Reached skill level 10 in Necromancy
 99777 | Abyss:3  | Found a corrupted altar of Lugonu.
 99953 | Depths:2 | Escaped the Abyss
100139 | Depths:5 | Bought the ring of Demons {Int+5 Slay+5} for 1522 gold
                  | pieces
100620 | Tomb:1   | Entered Level 1 of the Tomb of the Ancients
100695 | Tomb:1   | Reached skill level 10 in Transmutations
100831 | Tomb:1   | Noticed a greater mummy
100832 | Tomb:1   | Noticed a greater mummy
100833 | Tomb:1   | Killed a greater mummy
100833 | Tomb:1   | Reached skill level 11 in Necromancy
100834 | Tomb:1   | Killed a greater mummy
101104 | Tomb:1   | Reached skill level 11 in Transmutations
101262 | Tomb:1   | Identified the Collected Works on Doomed Attacks
101430 | Tomb:2   | Noticed a greater mummy
101430 | Tomb:2   | Noticed a greater mummy
101431 | Tomb:2   | Noticed a greater mummy
101433 | Tomb:2   | Killed a greater mummy
101433 | Tomb:2   | Noticed a greater mummy
101433 | Tomb:2   | Killed a greater mummy
101436 | Tomb:2   | Killed a greater mummy
101436 | Tomb:2   | Reached skill level 12 in Necromancy
101438 | Tomb:2   | Killed a greater mummy
101465 | Tomb:2   | Killed a greater mummy
101465 | Tomb:2   | Reached skill level 12 in Transmutations
101754 | Tomb:1   | Noticed a greater mummy
101754 | Tomb:1   | Noticed a greater mummy
101754 | Tomb:1   | Noticed a greater mummy
101754 | Tomb:1   | Noticed a greater mummy
101757 | Tomb:1   | Killed a greater mummy
101757 | Tomb:1   | Killed a greater mummy
101757 | Tomb:1   | Killed a greater mummy
101757 | Tomb:1   | Reached skill level 13 in Necromancy
101758 | Tomb:1   | Killed a greater mummy
101760 | Tomb:1   | Noticed a greater mummy
101762 | Tomb:1   | Killed a greater mummy
101762 | Tomb:1   | Noticed a greater mummy
101765 | Tomb:1   | Noticed a greater mummy
101765 | Tomb:1   | Killed a greater mummy
101765 | Tomb:1   | Reached skill level 13 in Transmutations
101773 | Tomb:1   | Killed a greater mummy
101807 | Tomb:1   | Noticed a greater mummy
101808 | Tomb:1   | Killed a greater mummy
101851 | Tomb:1   | Noticed a greater mummy
101855 | Tomb:1   | Killed a greater mummy
101892 | Tomb:1   | Noticed a greater mummy
101896 | Tomb:1   | Killed a greater mummy
101915 | Tomb:1   | Noticed a greater mummy
101919 | Tomb:1   | Killed a greater mummy
101919 | Tomb:1   | Reached skill level 14 in Necromancy
101945 | Tomb:1   | HP: 78/185 [bennu (19)]
101953 | Tomb:1   | Noticed a greater mummy
101984 | Tomb:1   | HP: 58/185 [greater mummy (11)]
101985 | Tomb:1   | Killed a greater mummy
102316 | Tomb:1   | Noticed a greater mummy
102319 | Tomb:1   | Killed a greater mummy
102334 | Tomb:1   | Noticed a greater mummy
102336 | Tomb:1   | Killed a greater mummy
102336 | Tomb:1   | Reached skill level 14 in Transmutations
102438 | Tomb:1   | Noticed a greater mummy
102441 | Tomb:1   | Killed a greater mummy
102442 | Tomb:1   | Noticed a greater mummy
102442 | Tomb:1   | Noticed a greater mummy
102443 | Tomb:1   | Noticed a greater mummy
102444 | Tomb:1   | Noticed a greater mummy
102445 | Tomb:1   | Killed a greater mummy
102446 | Tomb:1   | Killed a greater mummy
102446 | Tomb:1   | Killed a greater mummy
102446 | Tomb:1   | Killed a greater mummy
102455 | Tomb:1   | Noticed a greater mummy
102461 | Tomb:1   | Killed a greater mummy
102461 | Tomb:1   | Reached skill level 15 in Necromancy
102495 | Tomb:1   | Noticed a greater mummy
102498 | Tomb:1   | Killed a greater mummy
102650 | Tomb:3   | Entered Level 3 of the Tomb of the Ancients
102656 | Tomb:3   | HP: 86/185 [ushabti/dispel undead (24)]
102657 | Tomb:3   | Reached skill level 15 in Transmutations
102703 | Tomb:3   | Noticed a greater mummy
102704 | Tomb:3   | Killed a greater mummy
102713 | Tomb:3   | Noticed a greater mummy
102714 | Tomb:3   | HP: 89/186 [greater mummy/divine providence (14)]
102715 | Tomb:3   | Killed a greater mummy
102715 | Tomb:3   | Reached skill level 15 in Dodging
102715 | Tomb:3   | Noticed a greater mummy
102716 | Tomb:3   | Killed a greater mummy
102716 | Tomb:3   | Reached skill level 14 in Evocations
102719 | Tomb:3   | Killed a greater mummy
102721 | Tomb:3   | Noticed a greater mummy
102723 | Tomb:3   | Killed a greater mummy
102725 | Tomb:3   | Noticed a greater mummy
102727 | Tomb:3   | Killed a greater mummy
102746 | Tomb:3   | Noticed a greater mummy
102748 | Tomb:3   | Killed a greater mummy
102904 | Tomb:3   | Lost mutation: You are frail. (-10% HP) [potion of
                  | mutation]
102904 | Tomb:3   | Lost mutation: You are covered in fur. (AC +1) [potion of
                  | mutation]
102904 | Tomb:3   | Gained mutation: You possess an exceptional clarity of
                  | mind. [potion of mutation]
102951 | Tomb:3   | Noticed an ancient lich
102953 | Tomb:3   | Killed an ancient lich
102970 | Tomb:3   | Identified the Catalogue of Nocuous Enhancements
103044 | Tomb:3   | Identified Guucatou's Catalogue of the Glacial Traveller
103047 | Tomb:3   | Got a wavering brass ring
103048 | Tomb:3   | Identified the ring of Buno {rF+ rC- rN+ Str+7 Dex+4} (You
                  | found it on level 3 of the Tomb of the Ancients)
103128 | Tomb:3   | Got a golden rune of Zot
103261 | Tomb:3   | Got a transparent bone ring
103268 | Tomb:3   | Identified the ring of Piwael {Ice Int+4} (You found it on
                  | level 3 of the Tomb of the Ancients)
103983 | Pan      | Entered the realm of Cerebov.
103983 | Pan      | Entered Pandemonium
104001 | Pan      | Petrovich: или chain lightning
104019 | Pan      | Reached skill level 15 in Evocations
104208 | Pan      | theanonym: он ещё может от торнадо в лаву упасть
104208 | Pan      | theanonym: сколько играл так и не побегал с его мечом
104208 | Pan      | ReniFell: Потому что он достаточно херовый
104208 | Pan      | theanonym: я бы взял но ни разу не доходил таким билдом
104208 | Pan      | theanonym: чтобы много уклона для рипостов
104220 | Pan      | Identified the +9 great mace of the Moon {flame, +Blink rF+
                  | rC+ Int-2 Dex+3}
104220 | Pan      | Identified the +2 robe of Understanding {Str+5}
104245 | Pan      | Identified the +10 falchion of Fundamental Breach {holy,
                  | Int+3} (You found it in Pandemonium)
104248 | Pan      | ReniFell: Да к этому моменту тупо или холи сорд есть или +9
                  | даблер или +9 триплер для двуручей, он юзлесс по сравнению
                  | со всем этим
104485 | Pan      | Identified the Compendium of Cold and the Birds
104518 | Pan      | Got a glittering lapis lazuli ring
104519 | Pan      | Identified the ring of Wighium {rF+ rC+ Int-4 SInv} (You
                  | found it in Pandemonium)
104542 | Pan      | Identified the +6 sword of Cerebov {flame}
104542 | Pan      | Noticed Cerebov
104562 | Pan      | Killed Cerebov
104562 | Pan      | Reached skill level 23 in Fighting
104575 | Pan      | Got a pitted bronze amulet
104576 | Pan      | Identified the amulet "Poblom" {Acrobat rElec Dex+2} (You
                  | found it in Pandemonium)
104583 | Pan      | Identified Judeubuo's Primer on Witchery
104619 | Pan      | Got a fiery rune of Zot
104679 | Pan      | Identified the +6 spear of Mastery {flame, +Blink +Fly
                  | Str+2}
104803 | Pan      | Entered the realm of Lom Lobon.
105039 | Pan      | Noticed Lom Lobon
105045 | Pan      | Killed Lom Lobon
105069 | Pan      | Got a magical rune of Zot
105167 | Pan      | Entered the realm of Gloorx Vloq.
105167 | Pan      | Found an exit through the horrors of the Abyss.
105365 | Pan      | Reached skill level 21 in Conjurations
105370 | Pan      | Noticed Gloorx Vloq
105375 | Pan      | Killed Gloorx Vloq
105451 | Pan      | Got a dark rune of Zot
105576 | Pan      | Took an exit into the Abyss.
105576 | Abyss:1  | Escaped into the Abyss
105591 | Abyss:1  | Reached skill level 22 in Fire Magic
105612 | Depths:2 | Escaped the Abyss
105960 | Vaults:5 | Bought the ring "Beam" {+Fly rC+ Int+4} for 877 gold pieces
106324 | Depths:5 | Bought the ring of Robustness {AC+8} for 1408 gold pieces
106324 | Depths:5 | Found the ring of Robustness {AC+8}
106372 | Depths:4 | Learned a level 9 spell: Shatter
106374 | Hell     | Entered the Vestibule of Hell
106374 | Hell     | Noticed Geryon
106380 | Hell     | Killed Geryon
106540 | Hell     | Found a gateway to the freezing wastes of Cocytus.
106626 | Hell     | Found a gateway to the ashen valley of Gehenna.
106711 | Hell     | Found a gateway to the decaying netherworld of Tartarus.
106832 | Hell     | Found a gateway to the Iron City of Dis.
106911 | Coc:1    | Entered Level 1 of Cocytus
106930 | Coc:1    | Reached skill level 24 in Fighting
107058 | Coc:2    | HP: 99/214 [bone dragon[the effects of Hell] (21)]
107119 | Coc:2    | HP: 106/214 [anaconda zombie (2)]
107137 | Coc:2    | HP: 105/214 [anaconda zombie (3)]
107323 | Coc:3    | Reached skill level 16 in Dodging
107507 | Coc:5    | Reached skill level 22 in Conjurations
107741 | Coc:6    | Reached skill level 11 in Earth Magic
107775 | Coc:7    | Entered Level 7 of Cocytus
107788 | Coc:7    | Reached skill level 17 in Dodging
107855 | Coc:7    | HP: 108/216 [bone dragon (21)]
107859 | Coc:7    | Reached skill level 12 in Earth Magic
107917 | Coc:7    | Gained mutation: Your spells are a little harder to cast,
                  | but a little more powerful. [mutagenic glow]
108247 | Coc:7    | Reached skill level 25 in Fighting
108307 | Coc:7    | Noticed Antaeus
108314 | Coc:7    | Killed Antaeus
108345 | Coc:7    | Got an icy rune of Zot
108355 | Coc:7    | Reached skill level 13 in Earth Magic
108357 | Coc:7    | Reached skill level 18 in Dodging
108443 | Tar:1    | Entered Level 1 of Tartarus
108574 | Tar:1    | You fall through a shaft!
109291 | Tar:4    | Reached skill level 14 in Earth Magic
109973 | Tar:7    | Entered Level 7 of Tartarus
110078 | Tar:7    | Identified Sif Muna's Handbook of Moulding and the Glacier
110127 | Tar:7    | Reached skill level 19 in Dodging
110179 | Tar:7    | Noticed Ereshkigal
110182 | Tar:7    | Killed Ereshkigal
110182 | Tar:7    | Reached skill level 26 in Fighting
110205 | Tar:7    | Got a bone rune of Zot
110209 | Tar:7    | Reached skill level 15 in Earth Magic
110363 | Geh:1    | Entered Level 1 of Gehenna
110780 | Geh:3    | Reached skill level 16 in Earth Magic
110878 | Geh:3    | Reached skill level 20 in Dodging
111485 | Geh:6    | Reached skill level 17 in Earth Magic
111515 | Geh:7    | Entered Level 7 of Gehenna
111533 | Geh:7    | Noticed the Serpent of Hell
111542 | Geh:7    | Killed the Serpent of Hell
111616 | Geh:7    | Reached skill level 21 in Dodging
111830 | Geh:7    | Identified the +7 sceptre of Asmodeus
111830 | Geh:7    | Noticed Asmodeus
111835 | Geh:7    | HP: 107/220 [Asmodeus/damnation (20)]
111947 | Geh:7    | Identified the ring "Pukih" {rPois AC+3} (You found it on
                  | level 7 of Gehenna)
112101 | Geh:7    | Killed Asmodeus
112101 | Geh:7    | Reached skill level 18 in Earth Magic
112118 | Geh:7    | Got an obsidian rune of Zot
112201 | Dis:1    | Entered Level 1 of the Iron City of Dis
112319 | Dis:7    | Entered Level 7 of the Iron City of Dis
112330 | Dis:7    | Reached skill level 22 in Dodging
112391 | Dis:7    | HP: 104/220 [iron golem (20)]
112393 | Dis:7    | Paralysed by the power of Zot for 4 turns
112395 | Dis:7    | HP: 47/220 [ghost moth zombie (5)]
112396 | Dis:7    | HP: 5/220 [frost giant zombie (26)]
112396 | Dis:7    | Mangled by a ghost moth zombie

Vanquished Creatures
  Cerebov (Pan)
  Antaeus (Coc:7)
  Asmodeus (Geh:7)
  10 pandemonium lords (Pan)
  Ereshkigal (Tar:7)
  Dissolution (Slime:2)
  Gloorx Vloq (Pan)
  the Serpent of Hell (Geh:7)
  Mnoleg (Pan)
  Lom Lobon (Pan)
  6 ancient liches
  Mennas (Pan)
  2 juggernauts
  The ghost of Nusoar the Conqueror, a master MiBe of Trog (Zot:5)
  The ghost of Gupsidadd the Slayer, a veteran MiBe of Trog (Depths:2)
  31 greater mummies
  Sojobo (Crypt:1)
  the Lernaean hydra (Swamp:4)
  Frederick (Vaults:2)
  Bai Suzhen (Crypt:1)
  Margery (Crypt:1)
  11 shard shrikes
  3 curse toes (Zot:3)
  3 Killer Klowns
  3 caustic shrikes (Depths:4)
  Nikola (Swamp:3)
  The ghost of Isedumueph the Tortoise, a veteran HuFi of Hepliaklqana (Vaults:1)
  9 golden dragons
  Saint Roka (Vaults:5)
  The ghost of Oppon the Impaler, a veteran MfBe of Trog (D:15)
  Jory (Depths:4)
  7 bone dragons
  6 electric golems
  8 liches
  16 Brimstone Fiends
  A doom hound (Tar:5)
  An iron giant (Dis:7)
  18 Tzitzimimeh
  10 Hell Sentinels
  19 Ice Fiends
  19 tentacled monstrosities
  6 Orb Guardians (Zot:5)
  2 titans (Vaults:5)
  7 quicksilver dragons
  3 deep elf master archers
  18 acid blobs
  5 death cobs
  11 ancient champions
  6 deep elf blademasters (Elf:3)
  18 Executioners (Pan)
  Frances (Snake:2)
  12 sphinxes
  4 shadow dragons
  2 thorn hunters
  Agnes (Vaults:2)
  7 tentacled starspawn
  12 tengu reavers
  Kirke (Elf:1)
  7 nagarajas
  4 revenants
  15 storm dragons
  8 iron dragons
  5 draconian monks
  13 vault wardens
  9 azure jellies
  10 frost giants
  5 deep elf sorcerers
  Aizul (Crypt:1)
  7 draconian knights
  An orc warlord (Orc:2)
  11 fire giants
  35 balrugs
  2 angels
  A ghost moth (Zot:2)
  10 warmongers (Pan)
  16 cacodemons
  2 draconian shifters (Zot:4)
  7 draconian scorchers
  4 curse skulls
  3 ghouls
  15 war gargoyles
  5 ironheart preservers
  7 deep elf elementalists
  7 draconian annihilators
  43 reapers
  14 blood saints (Pan)
  2 spriggan defenders
  3 entropy weavers
  15 stone giants
  2 elemental wellsprings (Coc:7)
  19 very ugly things
  11 corrupters (Pan)
  7 vampire knights
  4 bennus
  10 green draconians
  18 lorocyprocas (Pan)
  4 yellow draconians
  9 deep elf annihilators
  6 white draconians
  8 black suns (Pan)
  5 deep elf demonologists
  5 dire elephants (Depths:2)
  8 black draconians
  The ghost of RoseArtemis the Grappler, a journeyman TrMo of Makhleb (Lair:1)
  2 minotaurs (shapeshifter)
  7 purple draconians
  15 red draconians
  7 spark wasps
  3 eidola
  6 deep elf death magi
  34 blizzard demons
  Snorg (Orc:1)
  10 death oozes (Slime:5)
  8 green deaths (Pan)
  7 quicksilver dragon zombies
  A merfolk javelineer (Abyss:4)
  A spectral quicksilver dragon (Zot:5)
  10 jiangshi
  8 ettins
  25 mummy priests
  21 ogre magi
  13 fire dragons
  2 kraken zombies
  15 yaktaur captains
  2 spectral krakens (Tar:7)
  15 great orbs of eyes
  28 ice dragons
  31 vault guards
  9 deep elf high priests
  Erolcha (Orc:1)
  2 hell beasts (Pan)
  10 rakshasas
  4 spriggan air magi
  16 monstrous demonspawn (Pan)
  26 hydras
  23 naga warriors
  4 shambling mangroves
  8 centaur warriors
  6 quicksilver dragon skeletons
  2 spectral shadow dragons (Zot:5)
  2 juggernaut simulacra (Pan)
  A merfolk avatar (Lair:6)
  15 anacondas
  A spectral draconian (Zot:5)
  A ghost crab (Swamp:2)
  16 alligators
  A spectral fire giant (Vaults:1)
  64 two-headed ogres
  26 dancing weapons
  4 death knights
  20 hell hogs
  5 deep troll shamans
  16 death scarabs
  6 deep troll earth magi
  10 vampire magi
  4 thrashing horrors
  8 shock serpents
  Urug (Orc:1)
  An orc high priest (Orc:2)
  4 tengu warriors
  5 titan zombies
  2 spectral storm dragons (Zot:5)
  4 spriggan berserkers
  A death yak (Lair:6)
  12 naga sharpshooters
  4 iron golems
  A storm dragon zombie (Coc:4)
  A shock serpent (shapeshifter) (Vaults:1)
  6 titan skeletons
  21 deep elf knights
  6 wretched stars
  19 hell knights
  43 soul eaters
  75 sun demons
  3 sea snakes
  A fire crab (Lair:6)
  6 iron trolls
  A salamander mystic (Snake:2)
  30 sixfirhies
  3 spatial maelstroms (Abyss:2)
  An iron giant zombie (Crypt:1)
  97 skeletal warriors
  10 shadow wraiths
  A death drake (shapeshifter) (Vaults:5)
  19 infernal demonspawn (Pan)
  2 quicksilver dragon simulacra
  A glowing orange brain (shapeshifter) (Elf:1)
  12 swamp dragons
  5 unseen horrors
  A sea snake (shapeshifter) (Vaults:5)
  17 deep trolls
  10 starcursed masses
  2 spriggan druids (Swamp:3)
  2 death drakes
  14 wizards
  21 torturous demonspawn (Pan)
  A deep troll (shapeshifter) (Depths:4)
  11 naga ritualists
  6 storm dragon skeletons
  28 flayed ghosts
  25 phantasmal warriors
  12 anaconda zombies
  15 deep elf archers
  2 golden dragon zombies
  21 shadow demons
  11 gelid demonspawn (Pan)
  Pikel (D:4)
  5 wolf spider zombies
  7 glowing orange brains
  5 shadow dragon zombies
  8 anaconda skeletons
  5 stone giant zombies
  An iron giant skeleton (Crypt:1)
  6 necromancers
  3 golden dragon skeletons
  2 harpies (Lair:6)
  A harpy (shapeshifter) (Vaults:3)
  11 orc knights
  12 iron dragon zombies
  5 wolf spiders
  13 ironbrand convokers
  5 manticores
  7 shining eyes
  44 ugly things
  5 shadow dragon skeletons
  17 mana vipers
  5 orc sorcerers
  5 frost giant zombies
  8 salamanders
  5 cyclopes
  5 fire giant skeletons
  71 deep elf magi
  6 fire giant zombies
  3 worldbinders
  17 moths of wrath
  36 black mambas
  26 rust devils
  2 dire elephant zombies
  A faun (shapeshifter) (Vaults:2)
  17 vault sentinels
  8 elephants
  6 frost giant skeletons
  2 iron dragon skeletons
  8 ice statues
  6 guardian serpents
  23 naga magi
  3 apocalypse crabs
  2 centaur zombies
  4 torpor snails
  2 titan simulacra
  24 orange demons
  Psyche (D:8)
  9 stone giant skeletons
  17 molten gargoyles
  6 gargoyles
  8 centaur skeletons
  58 smoke demons
  21 spiny frogs
  5 spectral swamp worms (Tar:7)
  An eye of devastation (Slime:1)
  A grey draconian zombie (Crypt:2)
  38 hellions
  A kobold demonologist (D:11)
  2 spiny frogs (shapeshifter)
  2 storm dragon simulacra (Zot:5)
  3 dire elephant skeletons
  2 catoblepas zombies
  An emperor scorpion zombie (Coc:3)
  6 rime drakes
  39 ice devils
  14 komodo dragons
  11 efreet
  29 yaktaurs
  32 tormentors
  29 freezing wraiths
  13 demonic crawlers (Pan)
  13 hellwings (Pan)
  4 ancient zymes
  A catoblepas skeleton (Pan)
  4 tengu conjurers
  2 silent spectres (Tar:6)
  37 guardian mummies
  6 polar bears
  6 trolls
  2 jumping spiders (shapeshifter)
  37 red devils
  A yellow draconian skeleton (Crypt:3)
  A spectral moth of wrath (Zot:5)
  A black draconian skeleton (Coc:5)
  A spectral deep troll (Vaults:1)
  2 wolf spider simulacra
  2 harpy zombies
  A meliai (shapeshifter) (Depths:4)
  A harpy skeleton (Geh:7)
  16 hornets
  14 raiju
  An iron troll skeleton (Crypt:2)
  12 hydra zombies
  A raiju (shapeshifter) (Depths:4)
  24 blink frogs
  A shadow dragon simulacrum (Vaults:1)
  7 hydra skeletons
  7 tyrant leeches
  24 bog bodies
  An iron dragon simulacrum (Vaults:1)
  4 ice dragon zombies
  3 fire dragon zombies
  8 hippogriffs
  18 small abominations
  A dream sheep (shapeshifter) (Vaults:5)
  5 alligator zombies
  107 slime creatures
  2 fire giant simulacra
  A human simulacrum (Vaults:1)
  124 flying skulls
  5 ettin skeletons
  3 air elementals
  4 ettin zombies
  3 meliai zombies
  A redback (shapeshifter) (Depths:5)
  12 spriggans
  6 redbacks (Vaults:4)
  5 fire dragon skeletons
  22 shadows
  2 centaur simulacra (D:12)
  A vampire (D:13)
  33 ynoxinuls
  10 water elementals
  4 black mamba zombies
  2 alligator skeletons
  8 ice dragon skeletons
  A dire elephant simulacrum (Coc:7)
  19 yaks
  32 wraiths
  A wind drake zombie (Crypt:1)
  4 wyverns
  3 black mamba skeletons
  A basilisk (Lair:1)
  A fire bat (Abyss:1)
  26 ushabtiu
  3 hogs (Elf:1)
  Eustachio (D:4)
  16 golden eyes
  50 large abominations
  22 neqoxecs (Pan)
  A steam dragon (shapeshifter) (Depths:4)
  33 fire elementals
  2 steam dragons
  31 vampire mosquitoes
  7 hungry ghosts
  36 chaos spawn
  14 swamp worms
  12 wargs
  A harpy simulacrum (Coc:5)
  A monstrous demonspawn zombie (Crypt:2)
  6 spatial vortices
  A yaktaur simulacrum (Vaults:1)
  6 spiny frog zombies
  48 nagas
  3 acid dragons
  18 water moccasins
  A gelid demonspawn zombie (Tomb:1)
  53 hell hounds
  2 moth of wrath simulacra (Zot:5)
  14 porcupines
  16 swamp drakes
  18 ice beasts
  A sky beast (D:5)
  6 snapping turtle zombies
  A black bear (D:7)
  A fire dragon simulacrum (Coc:5)
  2 hydra simulacra
  2 manticore zombies
  37 orc warriors
  An ettin simulacrum (Vaults:1)
  An eye of draining (shapeshifter) (Vaults:3)
  2 manticore skeletons
  4 slaves
  2 spiny frog skeletons
  2 ice dragon simulacra
  5 eyes of draining
  17 necrophages
  An alligator simulacrum (Hell)
  14 centaurs
  An ogre (shapeshifter) (Depths:4)
  8 phantoms
  2 swamp dragon zombies
  4 boggarts (Depths:4)
  7 snapping turtle skeletons
  9 wolves
  76 ogres
  17 crocodiles
  2 swamp dragon skeletons
  A rime drake zombie (Crypt:2)
  A bullfrog (shapeshifter) (Depths:4)
  A wyvern zombie (D:12)
  15 bullfrogs
  2 gnoll sergeants (D:11)
  2 earth elementals
  An elf skeleton (Geh:7)
  An ogre simulacrum (Vaults:1)
  A glowing shapeshifter simulacrum (Vaults:1)
  2 spiny frog simulacra
  A scorpion (shapeshifter) (Depths:4)
  A wyvern skeleton (D:15)
  6 scorpions
  2 water moccasin skeletons
  10 killer bees
  An elf simulacrum (Vaults:1)
  50 wights
  A raiju skeleton (Crypt:1)
  3 spriggan skeletons (D:13)
  A troll skeleton (D:13)
  6 howler monkeys
  7 electric eels
  6 crimson imps
  3 quasits
  A bullfrog zombie (D:11)
  4 human zombies
  23 iron imps
  5 hounds
  2 jellies
  5 iguanas
  15 orc priests
  26 orc wizards
  2 bullfrog skeletons (D:13)
  A human skeleton (Tar:4)
  2 water moccasin simulacra (Lair:2)
  Terence (D:2)
  4 hell rats (Hell)
  13 worker ants
  An ogre zombie (Crypt:2)
  A tengu zombie (Geh:5)
  A tengu skeleton (Coc:7)
  A naga skeleton (Geh:3)
  3 hound zombies
  A porcupine simulacrum (Lair:2)
  54 mummies
  A worker ant zombie (D:10)
  Robin (D:4)
  19 gnolls
  A howler monkey skeleton (Crypt:1)
  23 adders
  2 crocodile simulacra (Lair:2)
  11 shadow imps
  10 white imps
  5 ufetubi
  A worm zombie (Crypt:2)
  An adder zombie (D:5)
  6 worms
  5 ball lightnings (Pan)
  A dart slug (D:4)
  4 leopard geckos
  102 orcs
  2 giant cockroaches
  17 goblins
  12 hobgoblins
  16 jackals
  12 kobolds
  8 quokkas
  4 ball pythons
  10 bats
  2 frilled lizards
  A giant cockroach zombie (Crypt:1)
  A hobgoblin skeleton (Crypt:2)
  An orc skeleton (Coc:5)
  2 quokka skeletons
  6 rats
  2 butterflies (Lair:2)
  5 crawling corpses
  142 fire vortices
  10 fungi
  2 lurking horrors
  12 plants
  3 starspawn tentacles
  9 tentacles
  3 withered plants (Crypt:3)
4831 creatures vanquished.

Vanquished Creatures (collateral kills)
  the Royal Jelly (Slime:5)
  4 greater mummies
  Geryon (Hell)
  A golden dragon (Zot:2)
  A Tzitzimitl (Tar:7)
  2 Ice Fiends
  An Executioner (Pan)
  2 shadow dragons
  A tengu reaver (Vaults:5)
  3 storm dragons
  2 frost giants
  A warmonger (Pan)
  3 draconian knights
  A reaper (Pan)
  A very ugly thing (Vaults:5)
  A draconian shifter (Zot:4)
  A lorocyproca (Pan)
  A white draconian (Zot:1)
  2 black suns (Pan)
  An ogre mage (Depths:2)
  A tengu warrior (Depths:3)
  A hell hog (Hell)
  A spriggan berserker (Depths:3)
  2 large abominations
  A death drake (Abyss:3)
  2 gelid demonspawn (Pan)
  2 ugly things
  A shining eye (Slime:4)
  A moth of wrath (Zot:3)
  An orange demon (Pan)
  A smoke demon (Pan)
  A kobold demonologist (Abyss:4)
  2 ice devils (Pan)
  A raiju (Abyss:2)
  A slime creature (Depths:4)
  A flying skull (Tar:7)
  A water elemental (Hell)
  A spatial vortex (Abyss:2)
  An orc warrior (Vaults:5)
  A boggart (Depths:4)
  3 ogres
  2 wights
  A jelly (D:10)
  4 mummies
  A white imp (Abyss:2)
  An ufetubus (Pan)
  An orc (Vaults:5)
  2 starspawn tentacles (Abyss:4)
70 creatures vanquished.

Vanquished Creatures (others)
  2 eldritch tentacles
  A tengu reaver (Depths:1)
  An elemental wellspring (Coc:7)
  A lorocyproca (Pan)
  19 death scarabs (Tomb:2)
  A deep elf mage (Elf:1)
  An orc knight (Vaults:4)
  A frost giant zombie (Tomb:2)
  A stone giant zombie (Tomb:2)
  A fire giant skeleton (Geh:7)
  An air elemental (Elf:3)
  An ogre (Depths:2)
  A mummy (Coc:1)
  A ball lightning (Pan)
  A giant cockroach (D:3)
  A crawling corpse (Elf:3)
  1014 fire vortices
  35 fungi
  30 plants
  7 starspawn tentacles
  3 tentacles
  35 withered plants (Crypt:3)
1159 creatures vanquished.

Grand Total: 6060 creatures vanquished

Table legend:
 A = Turns spent in this place as a percentage of turns spent in the entire game.
 B = Non-inter-level travel turns spent in this place as a percentage of non-inter-level travel turns spent in the entire game.
 C = Inter-level travel turns spent in this place as a percentage of turns spent in this place.
 D = Turns resting spent in this place as a percentage of non-inter-level travel turns spent in this place.
 E = Turns spent auto-exploring this place as a percentage of non-inter-level travel turns spent in this place.
 F = Non-inter-level travel turns spent in this place divided by the number of levels of this place that you've seen.
                   A       B       C       D       E      F
               +-------+-------+-------+-------+-------+----------------------
         Total | 100.0 | 100.0 |  10.0 |  38.9 |  40.7 | 822.1
       Dungeon |  24.0 |  23.7 |  11.2 |  44.2 |  41.5 | 1599.5
        Temple |   0.1 |   0.1 |  16.2 |   0.0 |  84.7 |  98.0
          Lair |  10.6 |  10.6 |  10.8 |  46.8 |  44.2 | 1779.7
         Swamp |   5.2 |   5.1 |  12.2 |  48.4 |  36.6 | 1292.2
     Snake Pit |   4.6 |   4.8 |   4.7 |  30.7 |  54.7 | 1222.5
    Slime Pits |   0.9 |   0.9 |   9.9 |  27.6 |  39.6 | 188.2
  Orcish Mines |   2.0 |   1.8 |  17.1 |  36.8 |  47.3 | 916.5
   Elven Halls |   6.4 |   6.8 |   4.7 |  53.7 |  31.5 | 2298.7
        Vaults |  10.5 |   9.1 |  22.0 |  37.6 |  44.7 | 1835.8
         Crypt |   5.7 |   5.7 |   9.5 |  47.4 |  37.8 | 1935.3
          Tomb |   2.6 |   2.6 |   8.2 |  20.6 |  51.9 | 885.7
        Depths |   6.5 |   6.0 |  16.4 |  43.1 |  38.9 | 1222.4
          Hell |   0.6 |   0.4 |  28.5 |   4.2 |  73.0 | 455.0
           Dis |   0.2 |   0.2 |   0.0 |   0.0 |   0.0 |  27.9
       Gehenna |   1.5 |   1.7 |   0.0 |   7.9 |   8.5 | 239.9
       Cocytus |   1.3 |   1.5 |   0.0 |  23.4 |   2.3 | 213.3
      Tartarus |   1.6 |   1.8 |   1.3 |   0.4 |  52.2 | 260.4
           Zot |   4.2 |   4.3 |   6.6 |  29.4 |  56.9 | 874.6
         Abyss |   1.3 |   1.4 |   0.0 |   4.0 |  51.0 | 162.3
   Pandemonium |   9.2 |  10.3 |   0.0 |  30.9 |  33.3 | 471.9
        Bailey |   0.7 |   0.7 |   0.0 |  55.7 |  23.6 | 745.0
      Ice Cave |   0.2 |   0.3 |   0.0 |  83.1 |   3.4 | 261.0
               +-------+-------+-------+-------+-------+----------------------
